 Dungeon Crawl Stone Soup version 0.29.1-15-g9cfb28693d (webtiles) character file.

Game seed: 2994457902663827456

14109481 oper the Heavyweight Champion (level 27, 512/512 HPs)
             Began as a Troll Warper on Feb 22, 2023.
             Was the Champion of Jiyva.
             Escaped with the Orb
             ... and 15 runes on Feb 24, 2023!
             The game lasted 10:26:45 (113741 turns).

oper the Heavyweight Champion (Troll Warper)      Turns: 113741, Time: 10:26:45

Health: 512/512    AC: 33    Str: 30    XL:     27
Magic:  43/43      EV: 23    Int: 17    God:    Jiyva [******]
Gold:   8377       SH: 37    Dex: 16    Spells: 7/60 levels left

rFire   + + +      SeeInvis +     - Unarmed
rCold   + + +      Faith    +   V - +8 tower shield {AC+3}
rNeg    + + +      Spirit   .   (body armour currently unavailable)
rPois   ∞          Reflect  .   (helmet unavailable)
rElec   +          Harm     .   j - scarf {rC+ rF+}
rCorr   +          Rampage  .   (gloves unavailable)
Will    ++...      Clarity  +   (boots unavailable)
Stlth   +.........              o - amulet "Tiysm" {Faith rC+ rN+ Dex+4}
HPRegen 3.35/turn               l - ring "Luahas" {Wiz rF++ rC+}
MPRegen 0.78/turn               i - ring of the Octopus King {rN+ HP+2 AC+2 EV+2 SH+2}

@: statue-form, studying Polearms, very slow
A: slow and powerful, torment resistance 1, boosted hp, large, unfitting armour,
claws 3, regeneration 1, (shaggy fur 1), (tough skin 1), antennae 3, talons 1,
large bone plates 1, agile 1, clarity, sense surroundings 1, robust 3, strong 1,
(gelatinous body 3), pseudopods 1, tendrils
0: Orb of Zot
}: 15/15 runes: decaying, serpentine, slimy, silver, golden, iron, obsidian,
icy, bone, abyssal, demonic, glowing, magical, fiery, dark
a: End Transformation, Renounce Religion, Oozemancy, Slimify


You escaped.
You worshipped Jiyva.
Jiyva was exalted by your worship.
You were a living statue of rough stone.
You visited 18 branches of the dungeon, and saw 88 of its levels.
You visited Pandemonium 3 times, and saw 56 of its levels.
You visited the Abyss 2 times.
You also visited: Bailey and Ice Cave.

You collected 16405 gold pieces.
You spent 8028 gold pieces at shops.

Inventory:

Missiles
 u - a throwing net (quivered)
Armour
 c - the +1 hat "Agayps" {rC+}
   (You found it on level 1 of the Vaults)

   rC:        It protects you from cold.
 j - a scarf of resistance (worn)
 n - the +3 hat of Pondering {ponderous, Will+ MP+10 Int+5}
   (You found it on level 3 of the Depths)

   Int:       It affects your intelligence (+5).
   MP:        It affects your magic capacity (+10).
   Will:      It increases your willpower.
 E - +2 acid dragon scales (melded)
 V - a +8 tower shield of protection (worn)
Jewellery
 i - a ring of the Octopus King (right claw) {rN+ HP+2 AC+2 EV+2 SH+2}
   (You found it on level 5 of the Lair of Beasts)

   [ring of positive energy]

   AC:        It affects your AC (+2).
   EV:        It affects your evasion (+2).
   rN:        It protects you from negative energy.
   HP:        It affects your health (+2).
   SH:        It affects your SH (+2).
 l - the ring "Luahas" (left claw) {Wiz rF++ rC+}
   (You took it off a balrug in Pandemonium)

   [ring of wizardry]

   It improves your spell success rate.
   rF:        It greatly protects you from fire.
   rC:        It protects you from cold.
 o - the amulet "Tiysm" (around neck) {Faith rC+ rN+ Dex+4}
   (You bought it in a shop in Pandemonium)

   [amulet of faith]

   It allows you to gain divine favour quickly.
   Dex:       It affects your dexterity (+4).
   rC:        It protects you from cold.
   rN:        It protects you from negative energy.
 q - the ring of Pedihema {rF+ Dex+6}
   (You found it in Pandemonium)

   [ring of protection from fire]

   Dex:       It affects your dexterity (+6).
   rF:        It protects you from fire.
 D - the amulet "Zeaxuwki" {Spirit Regen+ Int+5}
   (You bought it in a shop on level 2 of the Vaults)

   [amulet of guardian spirit]

   It causes incoming damage to be divided between your reserves of health and
   magic.
   Int:       It affects your intelligence (+5).
   Regen:     It increases your rate of health regeneration.
 H - the ring of Higepr Lylep {rC+ rN+ Dex+2}
   (You found it on level 3 of the Depths)

   [ring of positive energy]

   Dex:       It affects your dexterity (+2).
   rC:        It protects you from cold.
   rN:        It protects you from negative energy.
 T - the ring "Emek" {*Slow rC++ Str+6 Dex+2}
   (You found it in Pandemonium)

   [ring of strength]

   Str:       It affects your strength (+6).
   Dex:       It affects your dexterity (+2).
   rC:        It greatly protects you from cold.
   *Slow:     It may slow you when you take damage.
Wands
 F - a wand of iceblast (24)
 G - a wand of acid (16)
 J - a wand of mindburst (41)
 M - a wand of flame (69)
 W - a wand of digging (21)
Scrolls
 a - 6 scrolls of magic mapping
 g - 13 scrolls of fear
 k - 12 scrolls of teleportation
 m - 9 scrolls of butterflies
 r - 10 scrolls of poison
 t - 11 scrolls of amnesia
 v - 10 scrolls of immolation
 z - a scroll of blinking
 Q - 4 scrolls of silence
Potions
 b - a potion of resistance
 d - 5 potions of cancellation
 f - 8 potions of brilliance
 h - 9 potions of heal wounds
 p - 37 potions of curing
 s - 5 potions of lignification
 w - 8 potions of ambrosia
 x - 10 potions of haste
 A - 16 potions of mutation
 C - 10 potions of attraction
 I - 5 potions of flight
 K - 4 potions of invisibility
 R - 8 potions of berserk rage
 U - 4 potions of might
Miscellaneous
 e - a tin of tremorstones (2/2)
 y - a figurine of a ziggurat
 L - a box of beasts
 N - a phantom mirror
 O - a lightning rod (4/4)
 P - a phial of floods


   Skills:
 * Level 22.6 Fighting
 - Level 0.8 Throwing
 - Level 10.0 Armour
 - Level 22.3 Dodging
 - Level 22.2 Shields
 O Level 27 Unarmed Combat
 - Level 17.4 Spellcasting
 - Level 15.2 Hexes
 - Level 13.8 Summonings
 - Level 17.6 Necromancy
 - Level 13.2 Translocations
 - Level 21.6 Transmutations
 - Level 20.0 Fire Magic
 - Level 15.0 Earth Magic


You had 7 spell levels left.
You knew the following spells:

 Your Spells              Type           Power      Damage    Failure   Level
a - Borgnjor's Vile Clut  Necr/Erth      31%        N/A       1%          5
b - Statue Form           Tmut/Erth      44%        N/A       1%          6
c - Blink                 Tloc           100%       N/A       1%          2
d - Manifold Assault      Tloc           56%        N/A       1%          5
e - Malign Gateway        Summ/Tloc      28%        N/A       8%          7
f - Enfeeble              Hex            30%        N/A       4%          7
g - Silence               Hex/Air        20%        N/A       2%          5
h - Necromutation         Tmut/Necr      34%        N/A       4%          8
i - Ignition              Fire           35%        3d11      4%          8

Your spell library contained the following spells:

 Spells                   Type           Power      Damage    Failure   Level
 Necrotise                Necr           100%       1d9       0%          1
 Sandblast                Erth           100%       2d20      0%          1
 Slow                     Hex            100%       N/A       0%          1
 Summon Small Mammal      Summ           100%       N/A       0%          1
 Passwall                 Tmut/Erth      55%        N/A       0%          2
 Scorch                   Fire           100%       2d10      0%          2
 Sublimation of Blood     Necr           65%        N/A       0%          2
 Wereblood                Tmut           73%        N/A       0%          2
 Inner Flame              Hex/Fire       65%        N/A       0%          3
 Vampiric Draining        Necr           65%        2d10      0%          3
 Blade Hands              Tmut           36%        N/A       0%          5
 Apportation              Tloc           100%       N/A       1%          1
 Call Imp                 Summ           58%        N/A       1%          2
 Ensorcelled Hibernation  Hex/Ice        80%        N/A       1%          2
 Call Canine Familiar     Summ           58%        N/A       1%          3
 Confusing Touch          Hex            61%        N/A       1%          3
 Conjure Flame            Conj/Fire      48%        6-21      1%          3
 Dazzling Flash           Conj/Hex       80%        N/A       1%          3
 Gell's Gravitas          Tloc           56%        N/A       1%          3
 Lesser Beckoning         Tloc           56%        N/A       1%          3
 Portal Projectile        Hex/Tloc       100%       N/A       1%          3
 Spider Form              Tmut/Pois      51%        N/A       1%          3
 Stone Arrow              Conj/Erth      80%        3d12      1%          3
 Summon Guardian Golem    Hex/Summ       59%        N/A       1%          3
 Teleport Other           Tloc           56%        N/A       1%          3
 Tukima's Dance           Hex            61%        N/A       1%          3
 Anguish                  Hex/Necr       31%        N/A       1%          4
 Animate Armour           Summ/Erth      100%       N/A       1%          4
 Animate Dead             Necr           65%        N/A       1%          4
 Cause Fear               Hex            30%        N/A       1%          4
 Flame Wave               Conj/Fire      48%        2d12      1%          4
 Fulminant Prism          Conj/Hex       20%        3d13      1%          4
 Ice Form                 Ice/Tmut       51%        N/A       1%          4
 Iskenderun's Mystic Bla  Conj/Tloc      37%        2d9       1%          4
 Leda's Liquefaction      Hex/Erth       30%        N/A       1%          4
 Passage of Golubria      Tloc           56%        N/A       1%          4
 Petrify                  Tmut/Erth      67%        N/A       1%          4
 Summon Lightning Spire   Summ/Air       38%        N/A       1%          4
 Agony                    Necr           65%        N/A       1%          5
 Alistair's Intoxication  Tmut/Pois      34%        N/A       1%          5
 Fireball                 Conj/Fire      24%        3d11      1%          5
 Irradiate                Conj/Tmut      25%        3d20      1%          5
 Lee's Rapid Deconstruct  Erth           30%        3d17*     1%          5
 Summon Forest            Summ/Tloc      28%        N/A       1%          5
 Yara's Violent Unravell  Hex/Tmut       33%        3d14      1%          5
 Death Channel            Necr           32%        N/A       1%          6
 Summon Cactus Giant      Summ           29%        N/A       1%          6
 Dragon Form              Tmut           36%        N/A       1%          7
 Magic Dart               Conj           56%        1d5       2%          1
 Shock                    Conj/Air       56%        1d6       2%          1
 Corpse Rot               Necr/Pois/Air  34%        N/A       2%          4
 Metabolic Englaciation   Hex/Ice        20%        N/A       2%          5
 Poisonous Vapours        Pois/Air       28%        N/A       3%          2
 Searing Ray              Conj           28%        2d5       3%          2
 Haunt                    Necr/Summ      31%        N/A       3%          7
 Eringya's Noxious Bog    Tmut/Pois      25%        N/A       4%          6
 Starburst                Conj/Fire      24%        6d8       6%          6
 Mephitic Cloud           Conj/Pois/Air  14%        N/A       7%          3
 Ozocubu's Armour         Ice            14%        N/A       7%          3
 Summon Hydra             Summ           29%        N/A       7%          7
 Simulacrum               Ice/Necr       22%        N/A       10%         6
 Iron Shot                Conj/Erth      20%        9d5       16%         6
 Airstrike                Air            7%         2d(1-17)  22%         4
 Hailstorm                Conj/Ice       14%        3d5       22%         4
 Olgreb's Toxic Radiance  Pois           14%        N/A       22%         4
 Storm Form               Tmut/Air       25%        N/A       22%         7
 Freezing Cloud           Conj/Ice/Air   7%         6-21      52%         5
 Iskenderun's Battlesphe  Conj           14%        2d7       52%         5
 Lightning Bolt           Conj/Air       7%         1d19      52%         5
 Spellforged Servitor     Conj/Summ      19%        N/A       71%         7
 Conjure Ball Lightning   Conj/Air       7%         3x3d6     96%         6
 Orb of Destruction       Conj           7%         9d6       100%        7
 Ozocubu's Refrigeration  Ice            7%         4d9       100%        7
 Borgnjor's Revivificati  Necr           32%        N/A       12%         8
 Discord                  Hex            30%        N/A       28%         8
 Summon Horrible Things   Summ           29%        N/A       45%         8
 Disjunction              Tloc           28%        N/A       52%         8
 Death's Door             Necr           32%        N/A       83%         9
 Lehudib's Crystal Spear  Conj/Erth      20%        10d6      99%         8
 Shatter                  Erth           30%        3d25*     99%         9
 Polar Vortex             Ice            7%         N/A       100%        9


Dungeon Overview and Level Annotations

Branches:
Dungeon (15/15)            Temple (1/1) D:5            Lair (5/5) D:9
  Swamp (4/4) Lair:2        Snake (4/4) Lair:2        Slime (5/5) Lair:5
    Orc (2/2) D:10            Elf (3/3) Orc:2        Vaults (5/5) D:14
  Crypt (3/3) Vaults:3       Tomb (3/3) Crypt:3      Depths (4/4) D:15
   Hell (visited)             Dis (7/7) Hell            Geh (7/7) Hell
    Coc (7/7) Hell            Tar (7/7) Hell            Zot (5/5) Depths:4
 Bailey (visited)           IceCv (visited)

Altars:
Ashenzari
Cheibriados
Dithmenos
Elyvilon
Fedhas
Gozag
Hepliaklqana
Kikubaaqudgha
Makhleb
Nemelex Xobeh
Okawaru
Qazlal
Ru
Sif Muna
Trog
Uskayaw
Vehumet
Wu Jian
Xom
Yredelemnul
Zin
The Shining One
Jiyva
Lugonu

Shops:
D:4 !   D:6 *   D:7 (   D:9 ?   D:10 [   D:11 ::   Orc:2 *=[?   Snake:1 *=(**
Vaults:2 *   Vaults:4 [(?   Depths:2 [   Depths:3 :==   Depths:4 ?

Portals:
Hell: Depths:1 Depths:2 Depths:3 Depths:4
Abyss: D:4 Depths:2 Depths:3 Depths:4
Pandemonium: Depths:2 Depths:3
Ziggurat: Depths:3

Annotations:
D:10 3 runed translucent doors, exclusion: orange crystal statue, Hyawatha's ghost, novice DsGl; yegreS's ghost, novice MeEE
Slime:5 Royal Jelly
Dis:1 10 runed doors


Innate Abilities, Weirdness & Mutations

You are a living statue of rough stone.
Your actions are slow, but your melee attacks are powerful.
You are resistant to unholy torment.
Your maximum health is greatly increased.
You are immune to poison.
Your equipment is partially melded.
You are too large for most types of armour.
You have claws for hands.
Your natural rate of healing is unusually fast.
((You are covered in fur. (AC +1)))
((You have tough skin. (AC +1)))
You have a pair of large antennae on your head. (SInv)
You have sharp toenails.
You are partially covered in large bone plates. (SH +4)
You are agile. (Dex +4, Str/Int -1)
You possess an exceptional clarity of mind.
You passively map a small area around you.
You are extremely robust. (+30% HP)
Your muscles are strong. (Str +4, Int/Dex -1)
((Your gelatinous body deflects attacks. (AC +3, EV +3)))
Armour fits poorly on your pseudopods.
You are covered in slimy tendrils that may disarm your opponents.


Message History

You mangle the cacodemon!! You scratch the orange demon.
Unknown command.
Casting: Manifold Assault (mildly dangerous; 1% risk of failure)
Confirm with . or Enter, or press ? or * to list all spells.
Space momentarily warps into an impossible shape!
You eviscerate the orange demon!!!!
You kill the orange demon!
You eviscerate the cacodemon!!!!
You kill the cacodemon!
Aiming: Dig
Press: ? - help, Shift-Dir - straight line This square is covered in magical glow.
The rock shatters into small pieces.
A reaper comes into view.
It is wielding a +1 scythe of protection.
There is a staircase leading out of the dungeon here.
You eviscerate the reaper!!! You claw the reaper, but do no damage.
The reaper is severely wounded.
You eviscerate the reaper!!!!
You kill the reaper!
No target in view!
No target in view!
A cacodemon and 2 sixfirhies come into view.
There is a staircase leading out of the dungeon here.
Casting: Manifold Assault (mildly dangerous; 1% risk of failure)
Confirm with . or Enter, or press ? or * to list all spells.
Space momentarily warps into an impossible shape!
You eviscerate the sixfirhy!!!
You kill the sixfirhy!
You scratch the cacodemon but do no damage.
You miss the sixfirhy.
Casting: Manifold Assault (mildly dangerous; 1% risk of failure)
Confirm with . or Enter, or press ? or * to list all spells.
Space momentarily warps into an impossible shape!
You eviscerate the cacodemon!!!!
You kill the cacodemon!
You eviscerate the sixfirhy!!!
You kill the sixfirhy!
You start resting.
Magic restored.
You have escaped!

.##..........# #.# #.
..###...###'## #.# ##
#...#.####...## #.# # ##..###
#.....# ####.# #
.....############ ##.#..# #
...)............####....#########
.......≈≈≈≈§.....................
......≈≈§§≈≈≈....###.)..#########
#.....≈≈.>(≈≈...8# ##.#.#
#.....≈≈≈≈≈§≈....# ###.#
#......≈≈≈≈≈..)..# #.##
#...............## #..#
.....############ ##.# #...## #.#
#.# # #...# ##.## #.# #
..########...## #.# #
.#............# #.# #


There were no monsters in sight!

Vanquished Creatures
  Cerebov (Pan)
  Antaeus (Coc:7)
  49 pandemonium lords
  Asmodeus (Geh:7)
  Gloorx Vloq (Pan)
  Ereshkigal (Tar:7)
  A seraph (Pan)
  the Serpent of Hell (Coc:7)
  Lom Lobon (Pan)
  Dispater (Dis:7)
  11 ancient liches
  Mnoleg (Pan)
  14 dread liches
  Mara (Swamp:4)
  An orb of fire (Zot:4)
  4 juggernauts
  Mennas (Pan)
  14 royal mummies
  5 Killer Klowns
  27 caustic shrikes
  Bai Suzhen (Swamp:3)
  18 shard shrikes
  2 curse toes (Zot:4)
  Vashnia (Snake:4)
  Geryon (Hell)
  Jory (Vaults:4)
  5 golden dragons
  The ghost of nightchill the Slayer, an adept MiFi of Jiyva (Depths:3)
  3 profane servitors
  A pearl dragon (Abyss:3)
  28 bone dragons
  51 Brimstone Fiends
  20 doom hounds
  6 iron giants
  12 tainted leviathans
  2 spectral shard shrikes (Tar:3)
  51 Hell Sentinels
  6 electric golems
  Zenata (Vaults:4)
  19 hellephants
  Rupert (Orc:2)
  27 Orb Guardians
  45 Tzitzimimeh
  24 searing wretches
  8 liches
  21 tentacled monstrosities
  36 Ice Fiends
  2 deep elf master archers (Elf:3)
  6 quicksilver dragons
  20 titans
  75 Executioners (Pan)
  37 ancient champions
  14 tentacled starspawn (Abyss:3)
  2 thorn hunters (Swamp:4)
  16 sphinxes
  2 deep elf blademasters (Elf:3)
  3 eldritch tentacles
  4 death cobs
  9 shadow dragons
  10 tengu reavers
  Donald (Swamp:4)
  A draconian monk (Zot:4)
  Roxanne (Swamp:2)
  7 nagarajas
  A fenstrider witch (Swamp:4)
  2 revenants
  21 storm dragons
  30 demonspawn warmongers (Pan)
  6 quicksilver elementals (Dis:7)
  14 daevas
  19 frost giants
  5 iron dragons
  29 narguns
  6 deep elf sorcerers
  4 draconian knights
  13 fire giants
  7 draconian scorchers
  102 balrugs
  28 angels (Pan)
  2 orc warlords (Vaults:2)
  4 draconian stormcallers
  10 shard shrike simulacra
  56 cacodemons
  Louise (Depths:2)
  14 vault wardens
  4 spectral caustic shrikes
  4 caustic shrike zombies
  3 deep elf elementalists (Elf:3)
  4 ghouls (Crypt:2)
  3 draconian shifters
  A ghost moth (Zot:4)
  A juggernaut zombie (Crypt:2)
  3 curse skulls
  22 very ugly things
  20 war gargoyles
  31 demonspawn blood saints (Pan)
  16 stone giants
  16 ironbound preservers
  53 reapers
  13 ophanim
  46 demonspawn corrupters (Pan)
  6 draconian annihilators
  A caustic shrike skeleton (Abyss:3)
  7 vampire knights
  11 green draconians
  8 ironbound thunderhulks
  10 apis (Pan)
  10 wendigos
  6 deep elf demonologists
  18 bennus
  15 putrid mouths
  5 eleionomae
  13 deep elf annihilators
  5 dire elephants
  An entropy weaver (Vaults:3)
  98 lorocyprocas
  The ghost of kwasso the Spear-Bearer, a journeyman DsEE of Jiyva (Elf:2)
  11 black draconians
  45 demonspawn black suns (Pan)
  5 purple draconians
  7 yellow draconians
  28 elemental wellsprings
  6 bunyips
  18 eidola
  2 merfolk javelineers (Depths:2)
  10 red draconians
  12 white draconians
  4 deep elf death magi
  81 blizzard demons
  9 iron golems
  2 crystal guardians
  8 fire dragons
  2 jiangshi (Crypt:2)
  27 ettins
  22 mummy priests
  A spectral iron giant (Tar:5)
  57 green deaths
  2 merfolk impalers
  A shambling mangrove (Swamp:2)
  12 yaktaur captains
  8 deep elf high priests
  A quicksilver dragon skeleton (Crypt:1)
  Josephine (Orc:1)
  3 ice dragons
  4 caustic shrike simulacra
  20 hell beasts
  10 salamander tyrants
  2 peacekeepers (Vaults:3)
  26 hydras
  4 boulder beetles
  A merfolk avatar (Lair:5)
  10 rakshasas
  5 ghost crabs
  26 vault guards
  7 catoblepae
  7 ogre magi
  5 spriggan air magi
  11 anacondas
  A fenstrider witch skeleton (Crypt:1)
  7 juggernaut simulacra
  4 ironbound frosthearts
  5 centaur warriors
  15 two-headed ogres
  Erica (Orc:1)
  3 death knights
  14 death scarabs
  6 deep troll shamans
  4 alligators
  10 stokers
  14 naga warriors
  37 dancing weapons
  32 hell hogs
  12 death yaks
  13 deep troll earth magi
  7 thrashing horrors (Abyss:3)
  2 orc high priests
  6 vampire magi
  6 spriggan berserkers
  3 tengu warriors
  18 hell knights
  338 sun demons
  14 naga sharpshooters
  11 shock serpents
  169 soul eaters
  A storm dragon zombie (Hell)
  10 deep elf knights
  10 wretched stars (Abyss:3)
  13 crystal echidnas
  20 skeletal warriors
  4 salamander mystics
  14 cherubim (Pan)
  A spectral bunyip (Tar:1)
  83 sixfirhies
  12 iron trolls
  4 quicksilver dragon simulacra
  25 shadow wraiths
  2 sea snakes
  A death drake (Abyss:3)
  5 spriggan druids
  2 storm dragon skeletons
  2 goliath frogs
  3 spatial maelstroms (Abyss:3)
  56 deep trolls
  An elf simulacrum (Hell)
  53 shadow demons
  14 swamp dragons
  7 naga ritualists
  13 deep elf archers
  An orb spider (shapeshifter) (Depths:1)
  2 bunyip skeletons
  An iron giant skeleton (Pan)
  10 flayed ghosts
  10 harpies
  5 bog bodies
  11 lindwurms
  2 anaconda skeletons
  15 necromancers
  5 wizards
  16 ironbound convokers
  5 spriggan simulacra
  31 deep elf pyromancers
  2 sphinx zombies
  23 phantasmal warriors
  20 deep elf zephyrmancers
  A frost giant zombie (Vaults:2)
  8 mana vipers
  7 orc knights
  19 ugly things
  2 orc sorcerers
  2 stone giant zombies
  7 worldbinders (Abyss:3)
  2 iron dragon skeletons
  10 salamanders
  2 fire giant skeletons
  A toenail golem (Pan)
  3 tengu skeletons
  13 cyclopes
  3 will-o-the-wisps
  5 manticores
  3 stone giant skeletons
  2 dire elephant zombies
  2 spectral centaurs
  25 moths of wrath
  45 black mambas
  15 naga magi
  9 rust devils
  271 smoke demons
  9 elephants
  10 ice statues
  3 elf zombies (Vaults:2)
  A frost giant skeleton (Vaults:3)
  8 guardian serpents
  3 titan simulacra
  A naga zombie (Crypt:2)
  4 apocalypse crabs (Abyss:3)
  A centaur zombie (Hell)
  3 torpor snails
  15 vault sentinels
  A storm dragon simulacrum (Coc:1)
  67 orange demons
  3 human skeletons (Vaults:3)
  A centaur skeleton (Crypt:3)
  11 cane toads
  3 dire elephant skeletons
  66 hellions
  A komodo dragon (shapeshifter) (Elf:3)
  2 yaktaurs (shapeshifter)
  4 unseen horrors
  5 gargoyles
  2 rime drakes
  2 alligator snapping turtle skeletons
  14 komodo dragons
  A cane toad (shapeshifter) (Abyss:3)
  75 demonic crawlers
  6 anaconda simulacra
  10 ancient zymes (Abyss:3)
  15 efreet
  A golden dragon simulacrum (Hell)
  28 ice devils
  A spectral naga (Tar:1)
  19 freezing wraiths
  3 yaktaur skeletons
  79 hellwings
  An iron giant simulacrum (Coc:4)
  2 bunyip simulacra
  25 red devils
  A catoblepas skeleton (Crypt:1)
  A silent spectre (Abyss:3)
  3 tengu conjurers
  72 tormentors
  27 yaktaurs
  2 spectral harpies
  5 meliai
  16 trolls
  45 guardian mummies
  4 harpy zombies
  A wolf spider simulacrum (D:14)
  6 tyrant leeches
  5 polar bears
  An iron troll skeleton (Crypt:2)
  A polar bear (shapeshifter) (D:14)
  19 hornets
  Prince Ribbit (D:7)
  33 blink frogs
  2 wind drakes (Lair:5)
  19 raiju (Abyss:3)
  9 harpy skeletons
  16 small abominations
  A snapping turtle (Lair:5)
  2 stone giant simulacra
  5 dream sheep (Lair:5)
  9 shadows
  4 vampires
  3 spriggan zombies
  3 air elementals
  17 flying skulls
  8 dire elephant simulacra
  7 wyverns
  167 ynoxinuls
  27 starcursed masses (Abyss:3)
  An ice dragon skeleton (Crypt:1)
  Sigmund (D:2)
  3 ettin skeletons
  17 wraiths
  4 centaur simulacra (D:13)
  6 spriggan skeletons
  13 spriggans
  A naga simulacrum (Coc:2)
  5 fire elementals
  21 ushabtiu
  43 yaks
  6 basilisks
  20 water elementals
  A basilisk (shapeshifter) (D:15)
  163 chaos spawn
  3 fire bats (Pan)
  A black mamba skeleton (Pan)
  70 neqoxecs (Pan)
  2 elf skeletons
  A redback simulacrum (D:13)
  6 spatial vortices (Abyss:3)
  4 steam dragons
  15 harpy simulacra
  19 vampire mosquitoes
  The ghost of emiel the Digger, an amateur DsEE (D:4)
  216 large abominations
  16 swamp worms
  52 nagas
  3 acid dragons
  A warg (Orc:1)
  13 hell hounds
  A faun zombie (Crypt:1)
  A glowing shapeshifter skeleton (Vaults:3)
  2 hydra simulacra
  23 water moccasins
  25 orc warriors
  An ogre skeleton (Vaults:3)
  A demonspawn skeleton (Crypt:1)
  3 meliai simulacra
  3 black bears
  A naga skeleton (Pan)
  10 swamp drakes
  2 ice beasts
  A black mamba simulacrum (Crypt:2)
  2 sky beasts (D:6)
  3 ettin simulacra
  22 ogres
  27 wolves
  8 centaurs
  2 kobold brigands
  5 necrophages
  2 gnoll sergeants
  15 bullfrogs
  A salamander skeleton (Crypt:2)
  3 earth elementals
  A glowing shapeshifter simulacrum (Depths:2)
  2 scorpions (D:5)
  A cyclops skeleton (Crypt:2)
  A water moccasin zombie (Crypt:2)
  20 wights
  A yak zombie (Crypt:1)
  14 killer bees
  A queen bee zombie (Crypt:2)
  4 electric eels
  4 howler monkeys
  7 hounds
  3 quasits (Abyss:3)
  2 gnoll boudas
  2 jellies
  8 orc priests
  5 iguanas
  22 orc wizards
  A polar bear simulacrum (IceCv)
  A deep dwarf skeleton (Crypt:1)
  71 mummies
  19 gnolls
  11 adders
  A shadow imp (D:4)
  7 white imps
  6 ufetubi
  3 worms
  2 dart slugs (D:4)
  70 orcs
  4 endoplasms
  8 giant cockroaches
  5 goblins
  7 hobgoblins
  6 jackals
  16 kobolds
  2 quokkas
  6 ball pythons
  4 bats
  2 butterfly zombies
  4 frilled lizards
  4 rats
  A river rat skeleton (Crypt:2)
  A ball lightning (Pan)
  6 creeping infernos
  17 fire vortices
  10 starspawn tentacles (Abyss:3)
6148 creatures vanquished.

Vanquished Creatures (collateral kills)
  A golden dragon (Vaults:4)
  A tainted leviathan (Tar:4)
  2 ancient champions (Dis:7)
  A fire giant (Geh:6)
  A quicksilver elemental (Dis:7)
  A frost giant (Vaults:4)
  A spectral caustic shrike (Tar:1)
  An angel (Pan)
  2 ironbound preservers (Vaults:5)
  A stone giant (Vaults:4)
  A reaper (Tar:4)
  An ophan (Pan)
  A spectral spriggan (Tar:4)
  A salamander tyrant (Geh:6)
  5 vault guards
  A naga sharpshooter (Snake:4)
  A spectral naga (Tar:1)
  2 sixfirhies (Pan)
  A phantasmal warrior (Vaults:5)
  A spectral alligator snapping turtle (Tar:1)
  A komodo dragon (Lair:5)
  A guardian mummy (Tomb:3)
  2 blink frogs (Lair:5)
  A swamp worm (Swamp:2)
  2 gnolls (D:5)
  An orc (D:5)
35 creatures vanquished.

Vanquished Creatures (others)
  3 caustic shrikes
  2 Tzitzimimeh (Pan)
  A pandemonium lord (Pan)
  A titan (Coc:7)
  3 acid blobs
  A sphinx (Vaults:5)
  11 eldritch tentacles
  22 azure jellies
  A demonspawn blood saint (Pan)
  2 demonspawn corrupters (Pan)
  A wendigo (Coc:7)
  A lorocyproca (Pan)
  2 green deaths (Pan)
  2 blizzard demons (Pan)
  11 great orbs of eyes
  A rakshasa (Pan)
  A yaktaur captain (Vaults:2)
  A salamander tyrant (Snake:4)
  An ogre mage (Vaults:4)
  2 caustic shrike simulacra
  An ice dragon (Depths:4)
  A deep troll shaman (Depths:4)
  A two-headed ogre (shapeshifter) (Vaults:5)
  A hell hog (Abyss:3)
  A deep troll earth mage (Depths:4)
  A thrashing horror (Abyss:3)
  A soul eater (Pan)
  4 deep elf knights (Elf:2)
  A shadow wraith (Tar:7)
  9 glowing orange brains
  2 shadow demons (Pan)
  A spriggan druid (Swamp:3)
  A sea snake (shapeshifter) (Vaults:5)
  2 wizards (Pan)
  A naga ritualist (Snake:2)
  3 spriggan simulacra
  2 deep trolls (Depths:4)
  A swamp dragon (shapeshifter) (Vaults:5)
  2 lindwurms (Vaults:4)
  4 deep elf pyromancers
  An ironbound convoker (Vaults:1)
  4 large abominations
  A will-o-the-wisp (Swamp:1)
  8 shining eyes
  A moth of wrath (Zot:1)
  2 black mambas
  A vault sentinel (Vaults:3)
  A naga mage (Snake:1)
  An eye of devastation (Pan)
  An orange demon (Abyss:3)
  A titan simulacrum (Coc:7)
  9 smoke demons (Pan)
  3 hellions
  7 yaktaurs
  A komodo dragon (shapeshifter) (Vaults:5)
  An anaconda simulacrum (Coc:7)
  A hellwing (Pan)
  A troll (Orc:2)
  4 floating eyes
  An ancient zyme (Abyss:3)
  A meliai (D:14)
  2 tormentors (Pan)
  A bloated husk (Swamp:3)
  38 slime creatures
  A centaur simulacrum (D:13)
  4 water elementals
  A wyvern (shapeshifter) (D:15)
  A yak (Lair:1)
  A spriggan (shapeshifter) (Zot:4)
  7 ynoxinuls (Pan)
  A wraith (Abyss:3)
  A fire bat (Pan)
  A fire elemental (Elf:3)
  A vampire mosquito (D:12)
  3 chaos spawn
  6 neqoxecs (Pan)
  11 golden eyes
  A warg (Snake:2)
  2 harpy simulacra
  A human skeleton (Vaults:3)
  A swamp worm (Swamp:3)
  2 swamp drakes (Swamp:4)
  2 orc warriors (Snake:2)
  3 ogres
  A wolf (Lair:5)
  3 centaurs
  11 small abominations (Abyss:3)
  A naga simulacrum (Hell)
  994 jellies
  4 orc priests
  2 orc wizards
  A mummy (Tomb:3)
  A white imp (D:13)
  2 ufetubi (D:13)
  4 orcs
  10 ball lightnings (Pan)
  2 briar patches (Swamp:4)
  3 creeping infernos
  2 fire vortices (Geh:7)
  22 foxfires
  29 fungi
  2 lurking horrors (Abyss:3)
  90 plants
  21 starspawn tentacles (Abyss:3)
  66 withered plants
1524 creatures vanquished.

Grand Total: 7707 creatures vanquished

Notes
Turn   | Place    | Note
-------+----------+-------------------------------------------
     0 | D:1      | oper the Troll Warper began the quest for the Orb.
     0 | D:1      | Reached XP level 1. HP: 19/19 MP: 1/1
   174 | D:1      | Reached XP level 2. HP: 28/28 MP: 2/2
   875 | D:2      | Noticed Sigmund
   903 | D:2      | Reached XP level 3. HP: 35/35 MP: 3/3
  1045 | D:2      | Reached skill level 3 in Unarmed Combat
  1266 | D:2      | Reached XP level 4. HP: 42/42 MP: 4/4
  1686 | D:3      | Found a broken altar of Ashenzari.
  1753 | D:3      | Identified the +9 rapier of Moral Flaws {drain, rCorr Str+5
                  | SInv}
  2350 | D:3      | Reached XP level 5. HP: 50/50 MP: 5/5
  2431 | D:4      | Reached skill level 4 in Unarmed Combat
  2495 | D:4      | You fall into a shaft and drop 2 floors!
  2569 | D:6      | Reached XP level 6. HP: 52/61 MP: 6/6
  2599 | D:6      | Noticed an ice beast
  2615 | D:6      | Killed an ice beast
  2673 | D:6      | Reached XP level 7. HP: 46/68 MP: 7/7
  2698 | D:6      | Found Faukut's General Store.
  2706 | D:6      | Bought a +0 cloak for 63 gold pieces
  2765 | D:6      | Reached skill level 5 in Unarmed Combat
  2843 | D:5      | Entered Level 5 of the Dungeon
  2846 | D:5      | Found a white marble altar of Elyvilon.
  3030 | D:5      | Found a glowing silver altar of Zin.
  3103 | D:5      | Reached XP level 8. HP: 79/79 MP: 8/8
  3182 | D:4      | Found a one-way gate to the infinite horrors of the Abyss.
  3182 | D:4      | Noticed emiel's ghost (amateur DsEE)
  3203 | D:4      | Found Sivvatar's Distillery.
  3203 | D:4      | Noticed a small abomination
  3233 | D:4      | Found a transporter.
  3237 | D:4      | Found a transporter.
  3314 | D:4      | Bought a potion of heal wounds for 55 gold pieces
  3314 | D:4      | Bought a potion of heal wounds for 55 gold pieces
  3529 | D:4      | Reached skill level 6 in Unarmed Combat
  3532 | D:4      | Reached skill level 5 in Dodging
  3569 | D:4      | Found a hide-covered altar of Uskayaw.
  3569 | D:4      | Found a shimmering altar of Xom.
  3902 | D:5      | Found a staircase to the Ecumenical Temple.
  3915 | Temple   | Entered the Ecumenical Temple
  4264 | D:5      | Reached skill level 5 in Fighting
  4907 | D:7      | Found Doeri's Weapon Emporium.
  5146 | D:7      | Reached skill level 7 in Unarmed Combat
  5318 | D:7      | Noticed Prince Ribbit
  5327 | D:7      | Killed Prince Ribbit
  5328 | D:7      | Reached XP level 9. HP: 49/89 MP: 9/9
  5354 | D:7      | Found a radiant altar of Vehumet.
  5622 | D:7      | Found a sacrificial altar of Ru.
  5830 | D:7      | Found a stormy altar of Qazlal.
  6314 | D:8      | Reached skill level 8 in Unarmed Combat
  6637 | D:8      | Paralysed by a hornet for 3 turns
  7330 | D:9      | Found a flagged portal.
  7339 | Bailey   | Entered a bailey
  7711 | D:9      | Reached XP level 10. HP: 102/102 MP: 10/10
  7912 | D:9      | Reached skill level 9 in Unarmed Combat
  8267 | D:4      | Bought a potion of cancellation for 88 gold pieces
  8267 | D:4      | Bought a potion of resistance for 110 gold pieces
  8267 | D:4      | Bought 2 potions of curing for 66 gold pieces
  8364 | D:4      | Killed emiel's ghost
  8463 | D:2      | Killed Sigmund
  9022 | D:9      | Found a staircase to the Lair.
  9081 | D:9      | Found Maas's Magic Scroll Shop.
  9087 | D:9      | Bought a scroll of teleportation for 48 gold pieces
  9359 | D:10     | Entered Level 10 of the Dungeon
  9463 | D:10     | Reached skill level 10 in Unarmed Combat
  9464 | D:10     | Found a staircase to the Orcish Mines.
  9681 | D:10     | Noticed a two-headed ogre
  9682 | D:10     | Reached XP level 11. HP: 105/113 MP: 11/11
  9690 | D:10     | Killed a two-headed ogre
  9817 | D:10     | Found an ornate altar of the Wu Jian Council.
  9844 | D:10     | Found a hazy altar of Hepliaklqana.
  9906 | D:10     | Noticed an orange crystal statue
 10358 | D:10     | Found a runed translucent gate.
 10359 | D:10     | Found a runed translucent gate.
 10360 | D:10     | Found a runed translucent gate.
 10483 | D:10     | Found a bloodstained altar of Trog.
 10546 | D:10     | Got Sif Muna's Tractate on Doomed Spelunking
 10559 | D:10     | Found Katupnia's Antique Armour Shop.
 10632 | D:10     | Noticed yegreS's ghost (novice MeEE)
 10633 | D:10     | Noticed Hyawatha's ghost (novice DsGl)
 10702 | Lair:1   | Entered Level 1 of the Lair of Beasts
 10853 | Lair:1   | Reached skill level 11 in Unarmed Combat
 10940 | Lair:1   | Noticed a catoblepas
 10981 | Lair:1   | Killed a catoblepas
 11410 | Lair:1   | Reached XP level 12. HP: 102/126 MP: 12/12
 11764 | Lair:1   | Found the +12 pair of quick blades "Gyre" and "Gimble"
                  | {protect}
 12067 | Lair:1   | Reached skill level 10 in Dodging
 12078 | Lair:2   | Reached skill level 10 in Fighting
 12104 | Lair:2   | Learned a level 5 spell: Borgnjor's Vile Clutch
 12140 | Lair:2   | Found a staircase to the Snake Pit.
 12223 | Lair:2   | Reached skill level 1 in Necromancy
 12223 | Lair:2   | Reached skill level 1 in Earth Magic
 12553 | Lair:2   | Noticed a death yak
 12555 | Lair:2   | Noticed a seven-headed hydra
 12560 | Lair:2   | Noticed a death yak
 12570 | Lair:2   | Killed a death yak
 12575 | Lair:2   | Killed a seven-headed hydra
 12601 | Lair:2   | Killed a death yak
 12647 | Lair:2   | Noticed a seven-headed hydra
 12663 | Lair:2   | Killed a seven-headed hydra
 12875 | Lair:2   | Found a staircase to the Swamp.
 13216 | Lair:3   | Noticed a catoblepas
 13231 | Lair:3   | Killed a catoblepas
 13333 | Lair:3   | Reached skill level 5 in Earth Magic
 13505 | Lair:3   | Reached XP level 13. HP: 110/133 MP: 16/16
 13646 | Lair:3   | Reached skill level 5 in Necromancy
 15387 | Lair:5   | Entered Level 5 of the Lair of Beasts
 15387 | Lair:5   | Found a sparkling altar of Nemelex Xobeh.
 16083 | Lair:5   | Reached XP level 14. HP: 143/143 MP: 19/19
 16149 | Lair:5   | Found a viscous altar of Jiyva.
 16149 | Lair:5   | Found a staircase to the Slime Pits.
 16157 | Lair:5   | Became a worshipper of Jiyva Jyrphic the Shapeless
 16339 | Lair:5   | Found the ring of the Octopus King
 16339 | Lair:5   | Found the +2 hood of the Assassin {Detection Stab+ Stlth++}
 16534 | Lair:5   | Reached skill level 1 in Armour
 16614 | Lair:5   | Reached * piety under Jiyva
 16905 | Lair:5   | Got the Cyclopedia of Lofty Flames
 16934 | Lair:5   | Identified a ring of the Octopus King {rN+ HP+2 AC+2 EV+2
                  | SH+2}
 17361 | D:11     | Found Plog's Book Shop.
 17396 | D:11     | Identified the +5 trident "Qetrinlepro" {vamp, Will+ MP+9}
 17448 | D:11     | Found Hyitauku's Book Boutique.
 17557 | D:11     | Reached ** piety under Jiyva
 17933 | D:11     | Bought a book of Sloth for 504 gold pieces
 17943 | D:11     | Learned a level 6 spell: Statue Form
 18004 | D:12     | Found Egimus's Armour Shop.
 18271 | D:13     | Reached skill level 1 in Transmutations
 18362 | D:13     | Found a frozen archway.
 18371 | IceCv    | Entered an ice cave
 18730 | IceCv    | Reached skill level 10 in Earth Magic
 18915 | D:13     | Reached *** piety under Jiyva
 19238 | D:13     | Gained mutation: You are partially covered in iridescent
                  | scales. (AC +2) [Jiyva's grace]
 19238 | D:13     | Gained mutation: You are mostly covered in iridescent
                  | scales. (AC +4) [Jiyva's grace]
 19238 | D:13     | Gained mutation: You are completely covered in iridescent
                  | scales. (AC +6) [Jiyva's grace]
 19238 | D:13     | Gained mutation: You have a small jelly attached to you
                  | that senses nearby items. [Jiyva's grace]
 19840 | D:14     | Reached **** piety under Jiyva
 19869 | D:14     | Reached XP level 15. HP: 149/149 MP: 21/21
 19912 | D:14     | Found a gate to the Vaults.
 20090 | D:14     | Reached skill level 5 in Armour
 20773 | D:15     | Entered Level 15 of the Dungeon
 20791 | D:14     | Reached skill level 5 in Transmutations
 21061 | D:15     | Found a staircase to the Depths.
 21460 | D:15     | Learned a level 2 spell: Blink
 21581 | Orc:1    | Entered Level 1 of the Orcish Mines
 21610 | Orc:1    | Noticed Erica
 21622 | Orc:1    | Killed Erica
 21688 | Orc:1    | Noticed Josephine
 21709 | Orc:1    | Killed Josephine
 21731 | Orc:1    | Lost mutation: You are completely covered in iridescent
                  | scales. (AC +6) [Jiyva's grace]
 21731 | Orc:1    | Gained mutation: You have a small jelly attached to you
                  | that may absorb projectiles. [Jiyva's grace]
 21731 | Orc:1    | Gained mutation: You have a pair of small horns on your
                  | head. [Jiyva's grace]
 21731 | Orc:1    | Gained mutation: You have a pair of horns on your head.
                  | [Jiyva's grace]
 21731 | Orc:1    | Gained mutation: You have a pair of large horns on your
                  | head. [Jiyva's grace]
 21743 | Orc:1    | Noticed Snorg
 21765 | Orc:1    | Slimified Snorg
 21765 | Orc:1    | Noticed Snorg
 21765 | Orc:1    | Snorg changed into Snorg the slime creature
 22016 | Orc:2    | Entered Level 2 of the Orcish Mines
 22071 | Orc:2    | Noticed Rupert
 22071 | Orc:2    | Paralysed by Rupert for 4 turns
 22082 | Orc:2    | Killed Rupert
 22102 | Orc:2    | Found a staircase to the Elven Halls.
 22352 | Orc:2    | Found Punaennio's Jewellery Emporium.
 22360 | Orc:2    | Found Zopesu's Magic Scroll Shop.
 22363 | Orc:2    | Bought an amulet of reflection for 450 gold pieces
 22376 | Orc:2    | Found Oheabifi's Assorted Antiques.
 22377 | Orc:2    | Found Zoipt's Antique Armour Shoppe.
 22504 | Orc:2    | Reached XP level 16. HP: 155/158 MP: 22/22
 22639 | Orc:2    | Found a shimmering blue altar of Sif Muna.
 23098 | D:9      | Bought a scroll of enchant armour for 120 gold pieces
 23187 | Snake:1  | Entered Level 1 of the Snake Pit
 23187 | Snake:1  | Noticed Aizul
 23193 | Lair:2   | Slimified Aizul
 23193 | Lair:2   | Noticed Aizul
 23193 | Lair:2   | Aizul changed into Aizul the slime creature
 23335 | Snake:1  | Found Ranwal's Neck Hole.
 23685 | Snake:1  | Found Lumosege's Antique Weapon Boutique.
 23871 | Snake:1  | Found Miodug's Jewellery Emporium.
 23978 | Snake:1  | Found Oluix's Assorted Antiques.
 24198 | Snake:1  | Reached ***** piety under Jiyva
 24257 | Snake:1  | Lost mutation: You have a pair of large horns on your head.
                  | [Jiyva's grace]
 24257 | Snake:1  | Lost mutation: You are mostly covered in iridescent scales.
                  | (AC +4) [Jiyva's grace]
 24257 | Snake:1  | Gained mutation: You have an increased reservoir of magic.
                  | (+10% MP) [Jiyva's grace]
 24257 | Snake:1  | Gained mutation: You have a considerably increased
                  | reservoir of magic. (+20% MP) [Jiyva's grace]
 24257 | Snake:1  | Gained mutation: You have a greatly increased reservoir of
                  | magic. (+30% MP) [Jiyva's grace]
 24257 | Snake:1  | Gained mutation: You possess an exceptional clarity of
                  | mind. [Jiyva's grace]
 24302 | Snake:1  | Found Anafawon's General Store.
 24310 | Snake:1  | Bought a scroll of teleportation for 54 gold pieces
 24310 | Snake:1  | Bought a potion of curing for 54 gold pieces
 24550 | Snake:2  | Noticed Saint Roka
 24586 | Snake:2  | Slimified Saint Roka
 24586 | Snake:2  | Noticed Saint Roka
 24586 | Snake:2  | Saint Roka changed into Saint Roka the acid blob
 25076 | Snake:2  | Reached skill level 12 in Unarmed Combat
 25613 | Snake:3  | Learned a level 5 spell: Manifold Assault
 25982 | Snake:3  | Lost mutation: You possess an exceptional clarity of mind.
                  | [Jiyva's grace]
 25982 | Snake:3  | Lost mutation: You have a greatly increased reservoir of
                  | magic. (+30% MP) [Jiyva's grace]
 25982 | Snake:3  | Gained mutation: You are covered in slimy tendrils that may
                  | disarm your opponents. [Jiyva's grace]
 25982 | Snake:3  | Gained mutation: You are somewhat resistant to further
                  | mutation. [Jiyva's grace]
 25982 | Snake:3  | Gained mutation: You are somewhat resistant to both further
                  | mutation and mutation removal. [Jiyva's grace]
 25982 | Snake:3  | Gained mutation: You are almost entirely resistant to
                  | further mutation and mutation removal. [Jiyva's grace]
 26044 | Snake:3  | Found a sacrificial altar of Ru.
 26170 | Snake:4  | Entered Level 4 of the Snake Pit
 26480 | Snake:4  | Noticed Vashnia
 26532 | Snake:4  | Reached skill level 10 in Transmutations
 26536 | Snake:4  | Killed Vashnia
 26537 | Snake:4  | Reached XP level 17. HP: 130/166 MP: 7/28
 26584 | Snake:4  | Reached skill level 13 in Unarmed Combat
 27329 | Snake:4  | Got a serpentine rune of Zot
 27760 | Swamp:1  | Entered Level 1 of the Swamp
 28019 | Swamp:1  | Reached ****** piety under Jiyva
 28476 | Swamp:2  | Lost mutation: You are almost entirely resistant to further
                  | mutation and mutation removal. [Jiyva's grace]
 28476 | Swamp:2  | Lost mutation: You are somewhat resistant to both further
                  | mutation and mutation removal. [Jiyva's grace]
 28476 | Swamp:2  | Gained mutation: You have supernaturally acute eyesight.
                  | (SInv) [Jiyva's grace]
 28476 | Swamp:2  | Gained mutation: Your melee attacks may engulf your foes in
                  | ooze. [Jiyva's grace]
 28476 | Swamp:2  | Gained mutation: You possess an exceptional clarity of
                  | mind. [Jiyva's grace]
 28476 | Swamp:2  | Gained mutation: Your translucent skin slightly reduces
                  | your foes' accuracy. (Stealth+) [Jiyva's grace]
 28632 | Swamp:2  | Paralysed by a hornet for 1 turns
 28646 | Swamp:2  | Identified Roxanne's Lectures on Bedrock
 28646 | Swamp:2  | Noticed Roxanne
 28671 | Swamp:2  | Killed Roxanne
 28672 | Swamp:2  | Reached skill level 14 in Unarmed Combat
 28862 | Swamp:3  | Noticed Bai Suzhen
 28877 | Swamp:3  | Killed Bai Suzhen
 28924 | Swamp:3  | Reached XP level 18. HP: 174/174 MP: 29/29
 29116 | Swamp:3  | Reached skill level 5 in Translocations
 29570 | Swamp:4  | Entered Level 4 of the Swamp
 29658 | Swamp:4  | Identified the +6 ring mail of Disappointment {rPois Dex+4
                  | Stlth+}
 29709 | Swamp:4  | Noticed a tentacled monstrosity
 29720 | Swamp:4  | Killed a tentacled monstrosity
 29738 | Swamp:4  | Noticed Mara
 29754 | Swamp:4  | Noticed oper's illusion
 29788 | Swamp:4  | Killed Mara
 29922 | Swamp:4  | Noticed Donald
 29932 | Swamp:4  | Killed Donald
 29967 | Swamp:4  | Reached skill level 1 in Shields
 30023 | Swamp:4  | Reached skill level 5 in Shields
 30045 | Swamp:4  | Got a decaying rune of Zot
 30612 | Vaults:1 | Entered Level 1 of the Vaults
 30761 | Vaults:1 | Identified the +8 sling of the Lair of Beasts {freeze,
                  | Str+5 SInv}
 31053 | Vaults:1 | Reached XP level 19. HP: 167/182 MP: 25/30
 31114 | Vaults:1 | Lost mutation: You possess an exceptional clarity of mind.
                  | [Jiyva's grace]
 31114 | Vaults:1 | Lost mutation: Your translucent skin slightly reduces your
                  | foes' accuracy. (Stealth+) [Jiyva's grace]
 31114 | Vaults:1 | Gained mutation: Your muscles are strong. (Str +4, Int/Dex
                  | -1) [Jiyva's grace]
 31114 | Vaults:1 | Gained mutation: Your muscles are very strong. (Str +8,
                  | Int/Dex -2) [Jiyva's grace]
 31114 | Vaults:1 | Gained mutation: You are mostly covered in iridescent
                  | scales. (AC +4) [Jiyva's grace]
 31114 | Vaults:1 | Gained mutation: You are completely covered in iridescent
                  | scales. (AC +6) [Jiyva's grace]
 31137 | Vaults:1 | Identified the +1 hat "Agayps" {rC+}
 31707 | Vaults:2 | Reached skill level 10 in Shields
 32153 | Vaults:2 | Found Quwkyesm's Assorted Antiques.
 32161 | Vaults:2 | Bought a steaming zirconium amulet for 100 gold pieces
 32161 | Vaults:2 | Identified the amulet "Zeaxuwki" {Spirit Regen+ Int+5} (You
                  | bought it in a shop on level 2 of the Vaults)
 32161 | Vaults:2 | Bought a scroll labelled INILET NIGAO for 20 gold pieces
 32163 | Vaults:2 | Acquired 611 gold pieces
 33127 | Vaults:3 | Lost mutation: You have a considerably increased reservoir
                  | of magic. (+20% MP) [Jiyva's grace]
 33127 | Vaults:3 | Lost mutation: You are somewhat resistant to further
                  | mutation. [Jiyva's grace]
 33127 | Vaults:3 | Lost mutation: Your muscles are very strong. (Str +8,
                  | Int/Dex -2) [Jiyva's grace]
 33127 | Vaults:3 | Lost mutation: You have a small jelly attached to you that
                  | may absorb projectiles. [Jiyva's grace]
 33127 | Vaults:3 | Lost mutation: Your melee attacks may engulf your foes in
                  | ooze. [Jiyva's grace]
 33127 | Vaults:3 | Gained mutation: You are agile. (Dex +4, Str/Int -1)
                  | [Jiyva's grace]
 33127 | Vaults:3 | Gained mutation: You are very agile. (Dex +8, Str/Int -2)
                  | [Jiyva's grace]
 33127 | Vaults:3 | Gained mutation: You are covered in thick fur. (AC +2)
                  | [Jiyva's grace]
 33127 | Vaults:3 | Gained mutation: Your thick and shaggy fur keeps you warm.
                  | (AC +3, rC+) [Jiyva's grace]
 33366 | Vaults:3 | Found a staircase to the Crypt.
 33925 | Vaults:4 | Found Ruefrof's Weapon Emporium.
 33995 | Vaults:4 | Reached skill level 15 in Unarmed Combat
 34012 | Vaults:4 | Noticed Zenata
 34020 | Vaults:4 | Killed Zenata
 34049 | Vaults:4 | Reached XP level 20. HP: 156/191 MP: 26/29
 34247 | Vaults:4 | Lost mutation: You have supernaturally acute eyesight.
                  | (SInv) [Jiyva's grace]
 34247 | Vaults:4 | Lost mutation: Your thick and shaggy fur keeps you warm.
                  | (AC +3, rC+) [Jiyva's grace]
 34247 | Vaults:4 | Gained mutation: You heal very quickly. [Jiyva's grace]
 34247 | Vaults:4 | Gained mutation: You regenerate. [Jiyva's grace]
 34247 | Vaults:4 | Gained mutation: You expend magic power (3 MP) to
                  | strengthen your wands. [Jiyva's grace]
 34247 | Vaults:4 | Gained mutation: You have a somewhat thin skeletal
                  | structure. (Dex +2, Stealth+) [Jiyva's grace]
 34266 | Vaults:4 | Found Osuadaetoz's Armour Emporium.
 34273 | Vaults:4 | Noticed Jory
 34287 | Vaults:4 | Killed Jory
 34675 | Vaults:4 | Found Xyburoos's Magic Scroll Emporium.
 34679 | Vaults:4 | Bought a scroll of magic mapping for 150 gold pieces
 35283 | Depths:1 | Entered Level 1 of the Depths
 35647 | Slime:1  | Entered Level 1 of the Pits of Slime
 35704 | Slime:5  | Entered Level 5 of the Pits of Slime
 35719 | Slime:5  | Found a viscous altar of Jiyva.
 35719 | Slime:5  | Noticed the Royal Jelly
 35720 | Slime:5  | Found the +7 Spriggan's Knife {stab, EV+4 Stlth+}
 35721 | Slime:5  | Found the +2 cloak of the Thief {*Fog Slay-2 SInv Stlth+}
 35728 | Slime:5  | Identified the ring of the King {rF+ rC+ Will+ Dex+3}
 35733 | Slime:5  | Got a slimy rune of Zot
 35735 | Slime:5  | Identified the +1 cloak of the Impish God {rF- Will+ rCorr}
 35745 | Slime:5  | Got the Spellbook of Heat
 35747 | Slime:5  | Identified the +5 ring mail "Moni" {rF+ Stlth+}
 35757 | Slime:5  | Got Cerebov's Parchment of the Arsonist
 35766 | Slime:5  | Identified the +1 scale mail "Juanixik" {Rampage Str-2
                  | Dex+7}
 36209 | Depths:1 | Reached skill level 5 in Spellcasting
 36267 | Depths:1 | Identified the +4 ring mail of the Lost Path {Harm Will-
                  | Str+6 Dex-2}
 36333 | Depths:1 | Found a gateway to Hell.
 36544 | Depths:1 | Lost mutation: You are completely covered in iridescent
                  | scales. (AC +6) [Jiyva's grace]
 36544 | Depths:1 | Lost mutation: You have a somewhat thin skeletal structure.
                  | (Dex +2, Stealth+) [Jiyva's grace]
 36544 | Depths:1 | Lost mutation: You are very agile. (Dex +8, Str/Int -2)
                  | [Jiyva's grace]
 36544 | Depths:1 | Lost mutation: You are covered in slimy tendrils that may
                  | disarm your opponents. [Jiyva's grace]
 36544 | Depths:1 | Gained mutation: You are robust. (+10% HP) [Jiyva's grace]
 36544 | Depths:1 | Gained mutation: You are very robust. (+20% HP) [Jiyva's
                  | grace]
 36544 | Depths:1 | Gained mutation: You are extremely robust. (+30% HP)
                  | [Jiyva's grace]
 36544 | Depths:1 | Gained mutation: You are very agile. (Dex +8, Str/Int -2)
                  | [Jiyva's grace]
 37079 | Depths:2 | Found Wiewkuva's Antique Armour Shop.
 37189 | Depths:2 | Found a one-way gate leading to the halls of Pandemonium.
 37193 | Depths:2 | Gained mutation: Your body sometimes deteriorates upon
                  | taking damage. [a cacodemon]
 37381 | Depths:2 | Noticed Louise
 37388 | Depths:2 | Killed Louise
 37900 | Depths:3 | Found Muampa's Jewellery Boutique.
 37904 | Depths:3 | Found Ockaukh's Book Emporium.
 37905 | Depths:3 | Found Qub Geank's Jewellery Boutique.
 37931 | Depths:3 | Identified the +2 mace of Ascent {vorpal, rElec}
 37933 | Depths:3 | Found a runed translucent door.
 37934 | Depths:3 | Noticed nightchill's ghost (adept MiFi)
 37951 | Depths:3 | Killed nightchill's ghost
 37960 | Depths:3 | Found the +3 hat of Pondering {ponderous, Will+ MP+10
                  | Int+5}
 37983 | Depths:3 | Reached XP level 21. HP: 257/257 MP: 31/31
 38087 | Depths:3 | Noticed a juggernaut
 38097 | Depths:3 | Killed a juggernaut
 38098 | Depths:3 | Reached skill level 15 in Earth Magic
 38107 | Depths:3 | Found the +10 zealot's sword {holy, *Rage rN+ EV+3}
 38126 | Depths:3 | Identified the +1 robe "Voine" {rPois Will- Dex+3}
 38134 | Depths:3 | Identified the ring of Higepr Lylep {rC+ rN+ Dex+2}
 38149 | Depths:3 | Identified the +6 hand axe "Kijineg" {venom, Int+4 Dex+3
                  | Stlth-}
 38154 | Depths:3 | Identified the +0 falchion "Ofrowk" {holy, rElec rC+ Will+}
 38393 | Depths:3 | Lost mutation: You are very agile. (Dex +8, Str/Int -2)
                  | [Jiyva's grace]
 38393 | Depths:3 | Lost mutation: You have an increased reservoir of magic.
                  | (+10% MP) [Jiyva's grace]
 38393 | Depths:3 | Gained mutation: You are strong-willed. (Will+) [Jiyva's
                  | grace]
 38393 | Depths:3 | Gained mutation: You are highly strong-willed. (Will++)
                  | [Jiyva's grace]
 38393 | Depths:3 | Gained mutation: You are extremely strong-willed. (Will+++)
                  | [Jiyva's grace]
 38393 | Depths:3 | Gained mutation: You have very sharp teeth. [Jiyva's grace]
 38469 | Depths:3 | Found a corrupted altar of Lugonu.
 38571 | Depths:3 | Found a one-way gateway to a ziggurat.
 38740 | Depths:4 | Entered Level 4 of the Depths
 39291 | Depths:4 | Found a gate to the Realm of Zot.
 39438 | Depths:4 | Found Yschen's Magic Scroll Boutique.
 40022 | Elf:1    | Entered Level 1 of the Elven Halls
 40159 | Elf:1    | Paralysed by an air elemental for 1 turns
 40324 | Elf:1    | Identified the +10 long sword of Ubus {freeze, rN+}
 40450 | Elf:1    | Paralysed by an air elemental for 1 turns
 40616 | Elf:1    | Lost mutation: You have a pair of horns on your head.
                  | [Jiyva's grace]
 40616 | Elf:1    | Lost mutation: You are agile. (Dex +4, Str/Int -1) [Jiyva's
                  | grace]
 40616 | Elf:1    | Lost mutation: Your body sometimes deteriorates upon taking
                  | damage. [Jiyva's grace]
 40616 | Elf:1    | Lost mutation: You are extremely strong-willed. (Will+++)
                  | [Jiyva's grace]
 40616 | Elf:1    | Lost mutation: You are highly strong-willed. (Will++)
                  | [Jiyva's grace]
 40616 | Elf:1    | Lost mutation: You are extremely robust. (+30% HP) [Jiyva's
                  | grace]
 40616 | Elf:1    | Gained mutation: You have a small jelly attached to you
                  | that may absorb projectiles. [Jiyva's grace]
 40616 | Elf:1    | Gained mutation: You are covered in slimy tendrils that may
                  | disarm your opponents. [Jiyva's grace]
 40616 | Elf:1    | Gained mutation: Your muscles are very strong. (Str +8,
                  | Int/Dex -2) [Jiyva's grace]
 40616 | Elf:1    | Gained mutation: You have hidden genetic potential.
                  | [Jiyva's grace]
 40872 | Elf:1    | Got the Essays on the Assistive Salvo
 41075 | Elf:2    | Paralysed by an air elemental for 1 turns
 41205 | Elf:2    | Found a runed translucent gate.
 41314 | Elf:2    | Found a runed translucent gate.
 41314 | Elf:2    | Found a runed translucent gate.
 41314 | Elf:2    | Noticed kwasso's ghost (journeyman DsEE)
 41413 | Elf:2    | Found a runed translucent gate.
 41413 | Elf:2    | Found a runed translucent gate.
 41414 | Elf:2    | Found a runed translucent gate.
 41641 | Elf:2    | Killed kwasso's ghost
 41642 | Elf:2    | Reached XP level 22. HP: 247/247 MP: 31/31
 42037 | Elf:3    | Entered Level 3 of the Elven Halls
 42044 | Elf:3    | Found a radiant altar of Vehumet.
 42132 | Elf:3    | Reached skill level 15 in Shields
 42507 | Elf:3    | Identified the amulet of Munefy {Faith Will+ Dex+2}
 42526 | Elf:3    | Identified the +8 quarterstaff of Teopin {vorpal, rN+ rCorr
                  | Dex-2 Stlth+}
 42528 | Elf:3    | Identified the +5 great sword of Yesterday {freeze, rElec
                  | Str+4}
 42600 | Elf:3    | Identified the +10 shortbow of Inquiry {flame, *Slow rElec
                  | Str+2 Dex+2}
 42616 | Elf:3    | Identified the +8 short sword of the Crawling Thing {elec,
                  | Int+2}
 42634 | Elf:3    | Identified the +11 short sword of Fragile Peace {drain, rC+
                  | rN+ Will+}
 42654 | Elf:3    | Identified the +10 trident "Jaazxibbu" {holy, rC+ Stlth+}
 42664 | Elf:3    | Found the +7 captain's cutlass {speed, disarm}
 42691 | Elf:3    | Identified the +2 helmet of the Cockatrice {rPois Str-2
                  | Int+3 Dex+3}
 42698 | Elf:3    | Identified the +7 long sword "Mezox" {vorpal, rF+ rC+}
 42713 | Elf:3    | Identified the +1 leather armour of Hadjma {-Tele rN+
                  | Regen+ Stlth+}
 43064 | Crypt:1  | Entered Level 1 of the Crypt
 43155 | Crypt:1  | Paralysed by something for 3 turns
 43238 | Crypt:1  | Lost mutation: You have very sharp teeth. [Jiyva's grace]
 43238 | Crypt:1  | Lost mutation: You are very robust. (+20% HP) [Jiyva's
                  | grace]
 43238 | Crypt:1  | Lost mutation: Your muscles are very strong. (Str +8,
                  | Int/Dex -2) [Jiyva's grace]
 43238 | Crypt:1  | Gained mutation: You have a pair of horns on your head.
                  | [Jiyva's grace]
 43238 | Crypt:1  | Gained mutation: You have a pair of large horns on your
                  | head. [Jiyva's grace]
 43238 | Crypt:1  | Gained mutation: You have a somewhat thin skeletal
                  | structure. (Dex +2, Stealth+) [Jiyva's grace]
 43238 | Crypt:1  | Gained mutation: You have a moderately thin skeletal
                  | structure. (Dex +4, Stealth++) [Jiyva's grace]
 43944 | Crypt:2  | Gained mutation: You have an unnaturally thin skeletal
                  | structure. (Dex +6, Stealth+++) [hidden potential]
 44210 | Crypt:3  | Entered Level 3 of the Crypt
 44644 | Crypt:3  | Found a staircase to the Tomb.
 44955 | Crypt:3  | Lost mutation: You have a pair of large horns on your head.
                  | [Jiyva's grace]
 44955 | Crypt:3  | Lost mutation: You have a pair of horns on your head.
                  | [Jiyva's grace]
 44955 | Crypt:3  | Lost mutation: You are strong-willed. (Will+) [Jiyva's
                  | grace]
 44955 | Crypt:3  | Lost mutation: Your muscles are strong. (Str +4, Int/Dex
                  | -1) [Jiyva's grace]
 44955 | Crypt:3  | Lost mutation: You have a small jelly attached to you that
                  | may absorb projectiles. [Jiyva's grace]
 44955 | Crypt:3  | Gained mutation: You have acidic saliva. [Jiyva's grace]
 44955 | Crypt:3  | Gained mutation: You have sharp toenails. [Jiyva's grace]
 44955 | Crypt:3  | Gained mutation: You have razor-sharp toenails. [Jiyva's
                  | grace]
 44955 | Crypt:3  | Gained mutation: You have claws for feet. [Jiyva's grace]
 45019 | Crypt:3  | Reached XP level 23. HP: 235/235 MP: 32/32
 45159 | Crypt:3  | Found an ancient bone altar of Kikubaaqudgha.
 45183 | Crypt:3  | Found the +5 demon whip "Spellbinder" {antimagic, Will+}
 45196 | Crypt:3  | Identified the +1 pair of gloves of Mirth {Will+ rCorr}
 45211 | Crypt:3  | Noticed an ancient lich
 45220 | Crypt:3  | Killed an ancient lich
 45281 | Crypt:3  | Noticed an ancient lich
 45316 | Crypt:3  | Killed an ancient lich
 45746 | Vaults:5 | Entered Level 5 of the Vaults
 45752 | Vaults:5 | Noticed a dread lich
 45767 | Vaults:4 | Killed a dread lich
 45904 | Vaults:5 | Paralysed by a sphinx for 3 turns
 46134 | Vaults:5 | Noticed an ancient lich
 46164 | Vaults:5 | Killed an ancient lich
 46207 | Abyss:3  | Cast into level 3 of the Abyss (a deep elf sorcerer)
 46276 | Abyss:3  | Found a corrupted altar of Lugonu.
 46281 | Vaults:5 | Escaped the Abyss
 46294 | Vaults:5 | Reached skill level 16 in Unarmed Combat
 46302 | Vaults:5 | Gained mutation: You are agile. (Dex +4, Str/Int -1)
                  | [hidden potential]
 46302 | Vaults:5 | Lost mutation: You have hidden genetic potential. [hidden
                  | potential expressed]
 46331 | Vaults:5 | Reached skill level 10 in Translocations
 46422 | Vaults:5 | Reached XP level 24. HP: 250/250 MP: 19/32
 47223 | Vaults:5 | Identified the amulet "Hepisij" {RegenMP Harm *Corrode
                  | rPois rC+}
 47269 | Vaults:5 | Got a silver rune of Zot
 47928 | Zot:1    | Entered Level 1 of the Realm of Zot
 48022 | Zot:1    | Reached skill level 17 in Unarmed Combat
 48160 | Zot:1    | Lost mutation: You have an unnaturally thin skeletal
                  | structure. (Dex +6, Stealth+++) [Jiyva's grace]
 48160 | Zot:1    | Lost mutation: You have a small jelly attached to you that
                  | senses nearby items. [Jiyva's grace]
 48160 | Zot:1    | Gained mutation: Your translucent skin slightly reduces
                  | your foes' accuracy. (Stealth+) [Jiyva's grace]
 48160 | Zot:1    | Gained mutation: Your translucent skin reduces your foes'
                  | accuracy. (Stealth+) [Jiyva's grace]
 48160 | Zot:1    | Gained mutation: Your transparent skin significantly
                  | reduces your foes' accuracy. (Stealth+) [Jiyva's grace]
 48160 | Zot:1    | Gained mutation: You passively map a small area around you.
                  | [Jiyva's grace]
 48303 | Zot:1    | You fall into a shaft and drop 1 floor!
 49004 | Zot:2    | Noticed a dread lich
 49007 | Zot:2    | Noticed a dread lich
 49013 | Zot:2    | Noticed a dread lich
 49015 | Zot:2    | Killed a dread lich
 49022 | Zot:2    | Killed a dread lich
 49023 | Zot:2    | Noticed a dread lich
 49027 | Zot:2    | Paralysed by something for 2 turns
 49031 | Zot:2    | Noticed a dread lich
 49033 | Zot:2    | Killed a dread lich
 49037 | Zot:2    | Killed a dread lich
 49039 | Zot:2    | Paralysed by a sphinx for 2 turns
 49042 | Zot:2    | Killed a dread lich
 49059 | Zot:2    | Got Coontid's Octavo of Evil and the Inferno
 49346 | Zot:2    | Noticed a Killer Klown
 49352 | Zot:2    | Killed a Killer Klown
 49549 | Zot:3    | Noticed a Killer Klown
 49559 | Zot:3    | Identified the +6 quarterstaff of Voat {spect, Dex+4 SInv}
 49577 | Zot:3    | Killed a Killer Klown
 49578 | Zot:3    | Reached skill level 18 in Unarmed Combat
 49740 | Zot:3    | Lost mutation: You have a moderately thin skeletal
                  | structure. (Dex +4, Stealth++) [Jiyva's grace]
 49740 | Zot:3    | Lost mutation: You are covered in thick fur. (AC +2)
                  | [Jiyva's grace]
 49740 | Zot:3    | Lost mutation: Your transparent skin significantly reduces
                  | your foes' accuracy. (Stealth+) [Jiyva's grace]
 49740 | Zot:3    | Lost mutation: Your translucent skin reduces your foes'
                  | accuracy. (Stealth+) [Jiyva's grace]
 49740 | Zot:3    | Gained mutation: You have a pair of horns on your head.
                  | [Jiyva's grace]
 49740 | Zot:3    | Gained mutation: You have a pair of large horns on your
                  | head. [Jiyva's grace]
 49740 | Zot:3    | Gained mutation: You passively map the area around you.
                  | [Jiyva's grace]
 49740 | Zot:3    | Gained mutation: You passively map a large area around you.
                  | [Jiyva's grace]
 50052 | Zot:3    | Reached XP level 25. HP: 262/262 MP: 26/34
 50056 | Zot:3    | Reached skill level 15 in Transmutations
 50295 | Zot:4    | Noticed an orb of fire
 50297 | Zot:4    | Lost mutation: You are robust. (+10% HP) [an orb of fire]
 50298 | Zot:4    | Gained mutation: Your magical capacity is low. (-10% MP)
                  | [an orb of fire]
 50304 | Zot:4    | Killed an orb of fire
 50529 | Zot:4    | Noticed a dread lich
 50541 | Zot:4    | Killed a dread lich
 50651 | Zot:4    | Reached skill level 19 in Unarmed Combat
 51204 | Depths:4 | Voluntarily entered the Abyss.
 51414 | Abyss:3  | Noticed a dread lich
 51420 | Abyss:3  | Killed a dread lich
 51466 | Abyss:3  | Lost mutation: You have a somewhat thin skeletal structure.
                  | (Dex +2, Stealth+) [Jiyva's grace]
 51466 | Abyss:3  | Lost mutation: You have acidic saliva. [Jiyva's grace]
 51466 | Abyss:3  | Gained mutation: You are very agile. (Dex +8, Str/Int -2)
                  | [Jiyva's grace]
 51466 | Abyss:3  | Gained mutation: Your movements are slightly less
                  | encumbered by armour. (ER -2) [Jiyva's grace]
 51466 | Abyss:3  | Gained mutation: Your movements are less encumbered by
                  | armour. (ER -4) [Jiyva's grace]
 51466 | Abyss:3  | Gained mutation: Your movements are significantly less
                  | encumbered by armour. (ER -6) [Jiyva's grace]
 51519 | Abyss:3  | Noticed an ancient lich
 51528 | Abyss:3  | Killed an ancient lich
 51915 | Abyss:3  | Noticed a dread lich
 51930 | Abyss:3  | Killed a dread lich
 52172 | Abyss:3  | Reached skill level 10 in Spellcasting
 52255 | Abyss:3  | Reached XP level 26. HP: 248/248 MP: 5/32
 52341 | Abyss:3  | Reached skill level 20 in Unarmed Combat
 52471 | Abyss:3  | Noticed an ancient lich
 52474 | Abyss:3  | Killed an ancient lich
 53021 | Abyss:3  | Got an abyssal rune of Zot
 53025 | Depths:4 | Escaped the Abyss
 53719 | Snake:1  | Bought a scarf of resistance for 576 gold pieces
 54344 | Depths:3 | Bought the ring "Naggawk" {rF+ Str+3 Dex+2} for 892 gold
                  | pieces
 54361 | Depths:3 | Bought a Grand Grimoire for 612 gold pieces
 54361 | Depths:3 | Bought a Necronomicon for 1008 gold pieces
 54378 | Depths:3 | Learned a level 7 spell: Malign Gateway
 54529 | D:11     | Bought a book of Maledictions for 364 gold pieces
 54540 | D:11     | Learned a level 7 spell: Enfeeble
 54546 | D:11     | Learned a level 5 spell: Silence
 54680 | Pan      | Entered Pandemonium
 54685 | Pan      | Reached skill level 1 in Summonings
 54902 | Pan      | Noticed Exeblori the pandemonium lord
 54911 | Pan      | Lost mutation: You are mostly covered in iridescent scales.
                  | (AC +4) [Jiyva's grace]
 54911 | Pan      | Lost mutation: You are very agile. (Dex +8, Str/Int -2)
                  | [Jiyva's grace]
 54911 | Pan      | Lost mutation: You passively map a large area around you.
                  | [Jiyva's grace]
 54911 | Pan      | Lost mutation: You regenerate. [Jiyva's grace]
 54911 | Pan      | Lost mutation: Your translucent skin slightly reduces your
                  | foes' accuracy. (Stealth+) [Jiyva's grace]
 54911 | Pan      | Lost mutation: You expend magic power (3 MP) to strengthen
                  | your wands. [Jiyva's grace]
 54911 | Pan      | Lost mutation: Your movements are significantly less
                  | encumbered by armour. (ER -6) [Jiyva's grace]
 54911 | Pan      | Lost mutation: Your movements are less encumbered by
                  | armour. (ER -4) [Jiyva's grace]
 54911 | Pan      | Gained mutation: You are mostly covered in iridescent
                  | scales. (AC +4) [Jiyva's grace]
 54911 | Pan      | Gained mutation: You are completely covered in iridescent
                  | scales. (AC +6) [Jiyva's grace]
 54911 | Pan      | Gained mutation: You possess an exceptional clarity of
                  | mind. [Jiyva's grace]
 54911 | Pan      | Gained mutation: Your muscles are strong. (Str +4, Int/Dex
                  | -1) [Jiyva's grace]
 54912 | Pan      | Killed Exeblori the pandemonium lord
 55480 | Pan      | Noticed a seraph
 55480 | Pan      | Found a glowing golden altar of the Shining One.
 55498 | Pan      | Killed a seraph
 55511 | Pan      | Identified the ring of Pedihema {rF+ Dex+6}
 55569 | Pan      | Got a demonic rune of Zot
 55662 | Pan      | Reached skill level 5 in Summonings
 56001 | Pan      | Identified the +0 tower shield "Goibaliq" {*Corrode +Blink
                  | +Inv Dex+2}
 56005 | Pan      | Found a glowing silver altar of Zin.
 57289 | Pan      | Reached XP level 27. HP: 257/257 MP: 28/32
 57336 | Pan      | Noticed Lifuss the pandemonium lord
 57347 | Pan      | Killed Lifuss the pandemonium lord
 57390 | Pan      | Lost mutation: You have a pair of large horns on your head.
                  | [Jiyva's grace]
 57390 | Pan      | Lost mutation: You have claws for feet. [Jiyva's grace]
 57390 | Pan      | Lost mutation: You are completely covered in iridescent
                  | scales. (AC +6) [Jiyva's grace]
 57390 | Pan      | Lost mutation: You are covered in slimy tendrils that may
                  | disarm your opponents. [Jiyva's grace]
 57390 | Pan      | Gained mutation: Your body has grown eyes which may confuse
                  | attackers. (Acc +3) [Jiyva's grace]
 57390 | Pan      | Gained mutation: Your body has grown many eyes which may
                  | confuse attackers. (Acc +5) [Jiyva's grace]
 57390 | Pan      | Gained mutation: Your body is covered in eyes which may
                  | confuse attackers. (Acc +7, SInv) [Jiyva's grace]
 57390 | Pan      | Gained mutation: You are strong-willed. (Will+) [Jiyva's
                  | grace]
 58027 | Pan      | Noticed Irphos Ufado the pandemonium lord
 58043 | Pan      | Killed Irphos Ufado the pandemonium lord
 58749 | Pan      | Found a transporter.
 58785 | Pan      | Found a transporter.
 58892 | Pan      | Lost mutation: You have a pair of horns on your head.
                  | [Jiyva's grace]
 58892 | Pan      | Lost mutation: You possess an exceptional clarity of mind.
                  | [Jiyva's grace]
 58892 | Pan      | Gained mutation: You are very agile. (Dex +8, Str/Int -2)
                  | [Jiyva's grace]
 58892 | Pan      | Gained mutation: Your spells are a little harder to cast,
                  | but a little more powerful. [Jiyva's grace]
 58892 | Pan      | Gained mutation: Your spells are harder to cast, but more
                  | powerful. [Jiyva's grace]
 58892 | Pan      | Gained mutation: Your spells are much harder to cast, but
                  | much more powerful. [Jiyva's grace]
 59123 | Pan      | Found an exit through the horrors of the Abyss.
 59136 | Pan      | Noticed Mennas
 59140 | Pan      | Killed Mennas
 59141 | Pan      | Reached skill level 10 in Summonings
 59684 | Pan      | Entered the realm of Cerebov.
 59899 | Pan      | Identified the ring "Luahas" {Wiz rF++ rC+}
 60024 | Pan      | Identified the +2 scimitar of Absolution {drain, rF+}
 60109 | Pan      | Identified the +7 shortbow of Xathrot {vorpal, Contam
                  | Str+7}
 60261 | Pan      | Identified the +1 leather armour of Bizxolac {-Tele Harm
                  | +Inv Str+2}
 60293 | Pan      | Identified the +0 cloak of Conscience {+Inv SInv}
 60296 | Pan      | Got the Handbook of Ignition and Concussion
 60325 | Pan      | Reached skill level 1 in Hexes
 60334 | Pan      | Identified the +7 rapier "Troll's Regret" {freeze, Fragile
                  | rCorr Int+10}
 60376 | Pan      | Found the +6 sword of Cerebov {flame}
 60376 | Pan      | Identified the ring "Widiotwa" {*Corrode Will++ EV+4}
 60376 | Pan      | Noticed Cerebov
 60383 | Pan      | Identified the +5 glaive "Ohewax" {antimagic, rC+}
 60530 | Pan      | Killed Cerebov
 60591 | Pan      | Got a fiery rune of Zot
 60678 | Pan      | Identified the +8 short sword "Fici" {distort, rC+}
 60723 | Pan      | Lost mutation: You are mostly covered in iridescent scales.
                  | (AC +4) [Jiyva's grace]
 60723 | Pan      | Lost mutation: You are partially covered in iridescent
                  | scales. (AC +2) [Jiyva's grace]
 60723 | Pan      | Lost mutation: You heal very quickly. [Jiyva's grace]
 60723 | Pan      | Lost mutation: Your spells are much harder to cast, but
                  | much more powerful. [Jiyva's grace]
 60723 | Pan      | Lost mutation: Your body is covered in eyes which may
                  | confuse attackers. (Acc +7, SInv) [Jiyva's grace]
 60723 | Pan      | Lost mutation: Your body has grown many eyes which may
                  | confuse attackers. (Acc +5) [Jiyva's grace]
 60723 | Pan      | Gained mutation: You are covered in slimy tendrils that may
                  | disarm your opponents. [Jiyva's grace]
 60723 | Pan      | Gained mutation: You have acidic saliva. [Jiyva's grace]
 60723 | Pan      | Gained mutation: You have a small jelly attached to you
                  | that may absorb projectiles. [Jiyva's grace]
 60723 | Pan      | Gained mutation: Your translucent skin slightly reduces
                  | your foes' accuracy. (Stealth+) [Jiyva's grace]
 60989 | Pan      | Noticed Uceheutt the pandemonium lord
 61006 | Pan      | Killed Uceheutt the pandemonium lord
 61536 | Pan      | Noticed Pettetiu the pandemonium lord
 61569 | Pan      | Acquired 697 gold pieces
 61752 | Pan      | Killed Pettetiu the pandemonium lord
 62144 | Pan      | Lost mutation: You are very agile. (Dex +8, Str/Int -2)
                  | [Jiyva's grace]
 62144 | Pan      | Lost mutation: Your magical capacity is low. (-10% MP)
                  | [Jiyva's grace]
 62144 | Pan      | Lost mutation: You are strong-willed. (Will+) [Jiyva's
                  | grace]
 62144 | Pan      | Lost mutation: You passively map the area around you.
                  | [Jiyva's grace]
 62144 | Pan      | Lost mutation: You have acidic saliva. [Jiyva's grace]
 62144 | Pan      | Lost mutation: You are covered in slimy tendrils that may
                  | disarm your opponents. [Jiyva's grace]
 62144 | Pan      | Gained mutation: You are strong-willed. (Will+) [Jiyva's
                  | grace]
 62144 | Pan      | Gained mutation: You are highly strong-willed. (Will++)
                  | [Jiyva's grace]
 62144 | Pan      | Gained mutation: You are extremely strong-willed. (Will+++)
                  | [Jiyva's grace]
 62144 | Pan      | Gained mutation: Your flesh is cold resistant. (rC+)
                  | [Jiyva's grace]
 62566 | Pan      | Found an exit through the horrors of the Abyss.
 62829 | Pan      | Noticed Gitziovo the pandemonium lord
 62863 | Pan      | Killed Gitziovo the pandemonium lord
 63160 | Pan      | Reached skill level 5 in Hexes
 63277 | Pan      | Found an exit through the horrors of the Abyss.
 63444 | Pan      | Noticed Heaceden the pandemonium lord
 63451 | Pan      | Killed Heaceden the pandemonium lord
 64227 | Pan      | Noticed Gentycw the pandemonium lord
 64234 | Pan      | Killed Gentycw the pandemonium lord
 64283 | Pan      | Lost mutation: You have a pair of small horns on your head.
                  | [Jiyva's grace]
 64283 | Pan      | Lost mutation: You have razor-sharp toenails. [Jiyva's
                  | grace]
 64283 | Pan      | Lost mutation: Your flesh is cold resistant. (rC+) [Jiyva's
                  | grace]
 64283 | Pan      | Lost mutation: You are extremely strong-willed. (Will+++)
                  | [Jiyva's grace]
 64283 | Pan      | Lost mutation: Your translucent skin slightly reduces your
                  | foes' accuracy. (Stealth+) [Jiyva's grace]
 64283 | Pan      | Gained mutation: You are partially covered in iridescent
                  | scales. (AC +2) [Jiyva's grace]
 64283 | Pan      | Gained mutation: You are mostly covered in iridescent
                  | scales. (AC +4) [Jiyva's grace]
 64283 | Pan      | Gained mutation: You are completely covered in iridescent
                  | scales. (AC +6) [Jiyva's grace]
 64283 | Pan      | Gained mutation: Your spells are much harder to cast, but
                  | much more powerful. [Jiyva's grace]
 64467 | Pan      | Entered the realm of Mnoleg.
 64674 | Pan      | Gained mutation: Your magical capacity is low. (-10% MP) [a
                  | neqoxec]
 64695 | Pan      | Gained mutation: Your magical capacity is very low. (-20%
                  | MP) [a neqoxec]
 64907 | Pan      | Noticed Mnoleg
 64917 | Pan      | Killed Mnoleg
 64924 | Pan      | Gained mutation: Your body sometimes deteriorates upon
                  | taking damage. [a neqoxec]
 64968 | Pan      | Identified the +0 dagger of the Big Bang {vorpal, rC+}
 65019 | Pan      | Got a glowing rune of Zot
 65097 | Pan      | Reached skill level 15 in Fighting
 65403 | Pan      | Noticed Ureoc the pandemonium lord
 65418 | Pan      | Killed Ureoc the pandemonium lord
 65488 | Pan      | Identified the +4 hand crossbow of Kiej {freeze, *Corrode
                  | rF+ rN+ Str+5}
 65670 | Pan      | Found an exit through the horrors of the Abyss.
 65673 | Pan      | Lost mutation: You are agile. (Dex +4, Str/Int -1) [Jiyva's
                  | grace]
 65673 | Pan      | Lost mutation: Your magical capacity is very low. (-20% MP)
                  | [Jiyva's grace]
 65673 | Pan      | Lost mutation: Your magical capacity is low. (-10% MP)
                  | [Jiyva's grace]
 65673 | Pan      | Lost mutation: You are highly strong-willed. (Will++)
                  | [Jiyva's grace]
 65673 | Pan      | Lost mutation: Your spells are much harder to cast, but
                  | much more powerful. [Jiyva's grace]
 65673 | Pan      | Lost mutation: Your body has grown eyes which may confuse
                  | attackers. (Acc +3) [Jiyva's grace]
 65673 | Pan      | Gained mutation: Your flesh is cold resistant. (rC+)
                  | [Jiyva's grace]
 65673 | Pan      | Gained mutation: Your flesh is very cold resistant. (rC++)
                  | [Jiyva's grace]
 65673 | Pan      | Gained mutation: Your flesh is almost immune to the effects
                  | of cold. (rC+++) [Jiyva's grace]
 65673 | Pan      | Gained mutation: You have a pair of small antennae on your
                  | head. [Jiyva's grace]
 65989 | Pan      | Entered the realm of Lom Lobon.
 66423 | Pan      | Found an exit through the horrors of the Abyss.
 66544 | Pan      | Reached skill level 15 in Dodging
 66917 | Pan      | Noticed Lom Lobon
 66934 | Pan      | Killed Lom Lobon
 66983 | Pan      | Got a magical rune of Zot
 67395 | Pan      | Entered the realm of Gloorx Vloq.
 67466 | Pan      | Acquired 738 gold pieces
 67592 | Pan      | Lost mutation: Your flesh is almost immune to the effects
                  | of cold. (rC+++) [Jiyva's grace]
 67592 | Pan      | Lost mutation: Your spells are harder to cast, but more
                  | powerful. [Jiyva's grace]
 67592 | Pan      | Lost mutation: Your movements are slightly less encumbered
                  | by armour. (ER -2) [Jiyva's grace]
 67592 | Pan      | Gained mutation: Your muscles are very strong. (Str +8,
                  | Int/Dex -2) [Jiyva's grace]
 67592 | Pan      | Gained mutation: You possess an exceptional clarity of
                  | mind. [Jiyva's grace]
 67592 | Pan      | Gained mutation: Your body has grown eyes which may confuse
                  | attackers. (Acc +3) [Jiyva's grace]
 67592 | Pan      | Gained mutation: Your body has grown many eyes which may
                  | confuse attackers. (Acc +5) [Jiyva's grace]
 68015 | Pan      | Noticed Gloorx Vloq
 68131 | Pan      | Killed Gloorx Vloq
 68329 | Pan      | Got a dark rune of Zot
 68533 | Depths:2 | Escaped Pandemonium
 68771 | Vaults:4 | Bought a scroll of enchant armour for 150 gold pieces
 68771 | Vaults:4 | Bought a scroll of enchant weapon for 150 gold pieces
 68771 | Vaults:4 | Bought a scroll of silence for 190 gold pieces
 68771 | Vaults:4 | Bought a scroll of enchant armour for 150 gold pieces
 69062 | Orc:2    | Bought a potion of heal wounds for 135 gold pieces
 69062 | Orc:2    | Bought a scroll of magic mapping for 202 gold pieces
 69062 | Orc:2    | Bought a potion of haste for 270 gold pieces
 69062 | Orc:2    | Bought a potion of haste for 270 gold pieces
 69062 | Orc:2    | Bought a potion of curing for 81 gold pieces
 69298 | Pan      | Entered Pandemonium
 69420 | Pan      | Acquired 657 gold pieces
 69546 | Pan      | Noticed Soggut the pandemonium lord
 69550 | Pan      | Killed Soggut the pandemonium lord
 70005 | Pan      | Lost mutation: You possess an exceptional clarity of mind.
                  | [Jiyva's grace]
 70005 | Pan      | Lost mutation: Your flesh is very cold resistant. (rC++)
                  | [Jiyva's grace]
 70005 | Pan      | Lost mutation: Your muscles are very strong. (Str +8,
                  | Int/Dex -2) [Jiyva's grace]
 70005 | Pan      | Lost mutation: Your body has grown many eyes which may
                  | confuse attackers. (Acc +5) [Jiyva's grace]
 70005 | Pan      | Lost mutation: You have a small jelly attached to you that
                  | may absorb projectiles. [Jiyva's grace]
 70005 | Pan      | Gained mutation: You are robust. (+10% HP) [Jiyva's grace]
 70005 | Pan      | Gained mutation: You are very robust. (+20% HP) [Jiyva's
                  | grace]
 70005 | Pan      | Gained mutation: You are extremely robust. (+30% HP)
                  | [Jiyva's grace]
 70005 | Pan      | Gained mutation: You have razor-sharp toenails. [Jiyva's
                  | grace]
 70311 | Pan      | Gained mutation: You occasionally lose the ability to read
                  | scrolls when taking damage. [a cacodemon]
 70403 | Pan      | Found a huge runed translucent gate.
 70405 | Pan      | Found a huge runed translucent gate.
 70406 | Pan      | Found a huge runed translucent gate.
 70406 | Pan      | Found a huge runed translucent gate.
 70406 | Pan      | Found a huge runed translucent gate.
 70406 | Pan      | Found a huge runed translucent gate.
 70407 | Pan      | Found a huge runed translucent gate.
 70414 | Pan      | Noticed Liopt the pandemonium lord
 70436 | Pan      | Killed Liopt the pandemonium lord
 70512 | Pan      | Reached skill level 10 in Hexes
 71013 | Pan      | Noticed Bourr the pandemonium lord
 71026 | Pan      | Killed Bourr the pandemonium lord
 71281 | Pan      | Lost mutation: You have a pair of small antennae on your
                  | head. [Jiyva's grace]
 71281 | Pan      | Lost mutation: Your flesh is cold resistant. (rC+) [Jiyva's
                  | grace]
 71281 | Pan      | Lost mutation: You passively map a small area around you.
                  | [Jiyva's grace]
 71281 | Pan      | Lost mutation: Your body has grown eyes which may confuse
                  | attackers. (Acc +3) [Jiyva's grace]
 71281 | Pan      | Lost mutation: You occasionally lose the ability to read
                  | scrolls when taking damage. [Jiyva's grace]
 71281 | Pan      | Gained mutation: Armour fits poorly on your pseudopods.
                  | [Jiyva's grace]
 71281 | Pan      | Gained mutation: Armour fits poorly on your large
                  | pseudopods. [Jiyva's grace]
 71281 | Pan      | Gained mutation: Armour fits poorly on your massive
                  | pseudopods. [Jiyva's grace]
 71281 | Pan      | Gained mutation: You expend magic power (3 MP) to
                  | strengthen your wands. [Jiyva's grace]
 71427 | Pan      | Identified the +0 robe of Xom, Jumping {rN+ Will+ Stlth+}
 71533 | Pan      | Found a transporter.
 71761 | Pan      | Found an exit through the horrors of the Abyss.
 71833 | Pan      | Found a transporter.
 71988 | Pan      | Identified the +3 leather armour "Put-Me-On" {rN+++ Will+
                  | Str-3 Stlth+}
 72219 | Pan      | Identified the +1 robe of the Cockatrice {Str+2}
 72277 | Pan      | Found a basalt altar of Yredelemnul.
 72411 | Pan      | Noticed Mupetof the pandemonium lord
 72418 | Pan      | Killed Mupetof the pandemonium lord
 72422 | Pan      | Reached skill level 21 in Unarmed Combat
 72803 | Pan      | Found an exit through the horrors of the Abyss.
 72881 | Pan      | Lost mutation: You are completely covered in iridescent
                  | scales. (AC +6) [Jiyva's grace]
 72881 | Pan      | Lost mutation: You are mostly covered in iridescent scales.
                  | (AC +4) [Jiyva's grace]
 72881 | Pan      | Lost mutation: Your body sometimes deteriorates upon taking
                  | damage. [Jiyva's grace]
 72881 | Pan      | Lost mutation: You are extremely robust. (+30% HP) [Jiyva's
                  | grace]
 72881 | Pan      | Lost mutation: You are very robust. (+20% HP) [Jiyva's
                  | grace]
 72881 | Pan      | Lost mutation: Your spells are a little harder to cast, but
                  | a little more powerful. [Jiyva's grace]
 72881 | Pan      | Gained mutation: Your flesh is cold resistant. (rC+)
                  | [Jiyva's grace]
 72881 | Pan      | Gained mutation: Your flesh is very cold resistant. (rC++)
                  | [Jiyva's grace]
 72881 | Pan      | Gained mutation: Your flesh is almost immune to the effects
                  | of cold. (rC+++) [Jiyva's grace]
 72881 | Pan      | Gained mutation: Your translucent skin slightly reduces
                  | your foes' accuracy. (Stealth+) [Jiyva's grace]
 72941 | Pan      | Lost mutation: You are strong-willed. (Will+) [a neqoxec]
 73255 | Pan      | Noticed Apseesk the pandemonium lord
 73267 | Pan      | Killed Apseesk the pandemonium lord
 73600 | Pan      | Found an exit through the horrors of the Abyss.
 73791 | Pan      | Acquired 621 gold pieces
 74120 | Pan      | Noticed Ucroces the pandemonium lord
 74144 | Pan      | Killed Ucroces the pandemonium lord
 74454 | Pan      | Lost mutation: You are robust. (+10% HP) [a neqoxec]
 74872 | Pan      | Found an exit through the horrors of the Abyss.
 74964 | Pan      | Noticed Fewn the pandemonium lord
 74967 | Pan      | Killed Fewn the pandemonium lord
 75144 | Pan      | Noticed Toheutorgh the pandemonium lord
 75156 | Pan      | Killed Toheutorgh the pandemonium lord
 75239 | Pan      | Lost mutation: You have razor-sharp toenails. [Jiyva's
                  | grace]
 75239 | Pan      | Lost mutation: You are partially covered in iridescent
                  | scales. (AC +2) [Jiyva's grace]
 75239 | Pan      | Lost mutation: Your flesh is almost immune to the effects
                  | of cold. (rC+++) [Jiyva's grace]
 75239 | Pan      | Lost mutation: Your translucent skin slightly reduces your
                  | foes' accuracy. (Stealth+) [Jiyva's grace]
 75239 | Pan      | Gained mutation: You are agile. (Dex +4, Str/Int -1)
                  | [Jiyva's grace]
 75239 | Pan      | Gained mutation: You are very agile. (Dex +8, Str/Int -2)
                  | [Jiyva's grace]
 75239 | Pan      | Gained mutation: A frigid envelope surrounds you and
                  | freezes all who hurt you. [Jiyva's grace]
 75239 | Pan      | Gained mutation: You possess an exceptional clarity of
                  | mind. [Jiyva's grace]
 76001 | Pan      | Reached skill level 22 in Unarmed Combat
 76675 | Pan      | Noticed Axi Hadgh the pandemonium lord
 76688 | Pan      | Killed Axi Hadgh the pandemonium lord
 76741 | Pan      | Lost mutation: You have sharp toenails. [Jiyva's grace]
 76741 | Pan      | Lost mutation: You are very agile. (Dex +8, Str/Int -2)
                  | [Jiyva's grace]
 76741 | Pan      | Lost mutation: You possess an exceptional clarity of mind.
                  | [Jiyva's grace]
 76741 | Pan      | Gained mutation: Your muscles are very strong. (Str +8,
                  | Int/Dex -2) [Jiyva's grace]
 76741 | Pan      | Gained mutation: Your body has grown eyes which may confuse
                  | attackers. (Acc +3) [Jiyva's grace]
 76741 | Pan      | Gained mutation: Your body has grown many eyes which may
                  | confuse attackers. (Acc +5) [Jiyva's grace]
 76741 | Pan      | Gained mutation: Your body is covered in eyes which may
                  | confuse attackers. (Acc +7, SInv) [Jiyva's grace]
 76764 | Pan      | Found an exit through the horrors of the Abyss.
 77130 | Pan      | Noticed Leoruimpe the pandemonium lord
 77136 | Pan      | Killed Leoruimpe the pandemonium lord
 77470 | Pan      | Lost mutation: A frigid envelope surrounds you and freezes
                  | all who hurt you. [Jiyva's grace]
 77470 | Pan      | Lost mutation: Your muscles are very strong. (Str +8,
                  | Int/Dex -2) [Jiyva's grace]
 77470 | Pan      | Lost mutation: You expend magic power (3 MP) to strengthen
                  | your wands. [Jiyva's grace]
 77470 | Pan      | Gained mutation: You are partially covered in iridescent
                  | scales. (AC +2) [Jiyva's grace]
 77470 | Pan      | Gained mutation: You are mostly covered in iridescent
                  | scales. (AC +4) [Jiyva's grace]
 77470 | Pan      | Gained mutation: You are completely covered in iridescent
                  | scales. (AC +6) [Jiyva's grace]
 77470 | Pan      | Gained mutation: You have a somewhat thin skeletal
                  | structure. (Dex +2, Stealth+) [Jiyva's grace]
 77627 | Pan      | Found an exit through the horrors of the Abyss.
 78050 | Pan      | Found a runed translucent door.
 78122 | Pan      | Noticed Woumaazo the pandemonium lord
 78132 | Pan      | Killed Woumaazo the pandemonium lord
 78261 | Pan      | Reached skill level 23 in Unarmed Combat
 78590 | Pan      | Got Sif Muna's Grimoire of Forms and the Wayfarer
 79252 | Pan      | Noticed Rauhy the pandemonium lord
 79256 | Pan      | Killed Rauhy the pandemonium lord
 79463 | Pan      | Found an exit through the horrors of the Abyss.
 79746 | Pan      | Found an exit through the horrors of the Abyss.
 79766 | Pan      | Lost mutation: You are completely covered in iridescent
                  | scales. (AC +6) [Jiyva's grace]
 79766 | Pan      | Lost mutation: You are agile. (Dex +4, Str/Int -1) [Jiyva's
                  | grace]
 79766 | Pan      | Lost mutation: Your body is covered in eyes which may
                  | confuse attackers. (Acc +7, SInv) [Jiyva's grace]
 79766 | Pan      | Lost mutation: Your body has grown many eyes which may
                  | confuse attackers. (Acc +5) [Jiyva's grace]
 79766 | Pan      | Lost mutation: Armour fits poorly on your massive
                  | pseudopods. [Jiyva's grace]
 79766 | Pan      | Lost mutation: Armour fits poorly on your large pseudopods.
                  | [Jiyva's grace]
 79766 | Pan      | Gained mutation: A frigid envelope surrounds you and
                  | freezes all who hurt you. [Jiyva's grace]
 79766 | Pan      | Gained mutation: Your body has grown many eyes which may
                  | confuse attackers. (Acc +5) [Jiyva's grace]
 79766 | Pan      | Gained mutation: Your body is covered in eyes which may
                  | confuse attackers. (Acc +7, SInv) [Jiyva's grace]
 79766 | Pan      | Gained mutation: Your translucent skin slightly reduces
                  | your foes' accuracy. (Stealth+) [Jiyva's grace]
 79966 | Pan      | Noticed Kesey the pandemonium lord
 79978 | Pan      | Killed Kesey the pandemonium lord
 80084 | Pan      | Identified the ring "Emek" {*Slow rC++ Str+6 Dex+2}
 80359 | Pan      | Gained mutation: You are dopey. (Int -2) [a cacodemon]
 80410 | Pan      | Noticed Dumyuf the pandemonium lord
 80434 | Pan      | Killed Dumyuf the pandemonium lord
 80442 | Pan      | Reached skill level 24 in Unarmed Combat
 80482 | Pan      | Found an exit through the horrors of the Abyss.
 81640 | Pan      | Found an exit through the horrors of the Abyss.
 81684 | Pan      | Noticed Maotuk the pandemonium lord
 81711 | Pan      | Killed Maotuk the pandemonium lord
 81852 | Pan      | Lost mutation: You are mostly covered in iridescent scales.
                  | (AC +4) [Jiyva's grace]
 81852 | Pan      | Lost mutation: You have a somewhat thin skeletal structure.
                  | (Dex +2, Stealth+) [Jiyva's grace]
 81852 | Pan      | Lost mutation: You are dopey. (Int -2) [Jiyva's grace]
 81852 | Pan      | Lost mutation: Armour fits poorly on your pseudopods.
                  | [Jiyva's grace]
 81852 | Pan      | Lost mutation: Your translucent skin slightly reduces your
                  | foes' accuracy. (Stealth+) [Jiyva's grace]
 81852 | Pan      | Gained mutation: Your system is resistant to poisons.
                  | (rPois) [Jiyva's grace]
 81852 | Pan      | Gained mutation: You have hidden genetic potential.
                  | [Jiyva's grace]
 81852 | Pan      | Gained mutation: You have great hidden genetic potential.
                  | [Jiyva's grace]
 81852 | Pan      | Gained mutation: You heal very quickly. [Jiyva's grace]
 82517 | Pan      | Found a runed translucent door.
 82535 | Pan      | Gained mutation: Armour fits poorly on your strangely
                  | shaped body. [a neqoxec]
 82613 | Pan      | Noticed Qyforeroi the pandemonium lord
 82630 | Pan      | Killed Qyforeroi the pandemonium lord
 82770 | Pan      | Reached skill level 25 in Unarmed Combat
 83114 | Pan      | Noticed Fysoz the pandemonium lord
 83128 | Pan      | Killed Fysoz the pandemonium lord
 83265 | Pan      | Found an exit through the horrors of the Abyss.
 83872 | Pan      | Noticed Pyrocvetiz the pandemonium lord
 83949 | Pan      | Killed Pyrocvetiz the pandemonium lord
 84038 | Pan      | Lost mutation: Your flesh is very cold resistant. (rC++)
                  | [Jiyva's grace]
 84038 | Pan      | Lost mutation: Your flesh is cold resistant. (rC+) [Jiyva's
                  | grace]
 84038 | Pan      | Lost mutation: Armour fits poorly on your strangely shaped
                  | body. [Jiyva's grace]
 84038 | Pan      | Lost mutation: Your body is covered in eyes which may
                  | confuse attackers. (Acc +7, SInv) [Jiyva's grace]
 84038 | Pan      | Gained mutation: Your rubbery body absorbs attacks. (AC +1,
                  | EV +1) [Jiyva's grace]
 84038 | Pan      | Gained mutation: Your pliable body absorbs attacks. (AC +2,
                  | EV +2) [Jiyva's grace]
 84038 | Pan      | Gained mutation: Your gelatinous body deflects attacks. (AC
                  | +3, EV +3) [Jiyva's grace]
 84038 | Pan      | Gained mutation: Your translucent skin slightly reduces
                  | your foes' accuracy. (Stealth+) [Jiyva's grace]
 84370 | Pan      | Found an exit through the horrors of the Abyss.
 84781 | Pan      | Found an exit through the horrors of the Abyss.
 84928 | Pan      | Found a huge runed translucent gate.
 84930 | Pan      | Found a huge runed translucent gate.
 84931 | Pan      | Found a huge runed translucent gate.
 84931 | Pan      | Found a huge runed translucent gate.
 84931 | Pan      | Found a huge runed translucent gate.
 84931 | Pan      | Found a huge runed translucent gate.
 84932 | Pan      | Found a huge runed translucent gate.
 84939 | Pan      | Noticed Yciahase the pandemonium lord
 84953 | Pan      | Killed Yciahase the pandemonium lord
 85235 | Pan      | Found an exit through the horrors of the Abyss.
 85325 | Pan      | Reached skill level 26 in Unarmed Combat
 85429 | Pan      | Noticed Miontys the pandemonium lord
 85453 | Pan      | Killed Miontys the pandemonium lord
 85771 | Pan      | Gained mutation: You have large cloven feet. [hidden
                  | potential]
 85793 | Pan      | Lost mutation: You have large cloven feet. [Jiyva's grace]
 85793 | Pan      | Lost mutation: You are partially covered in iridescent
                  | scales. (AC +2) [Jiyva's grace]
 85793 | Pan      | Lost mutation: Your muscles are strong. (Str +4, Int/Dex
                  | -1) [Jiyva's grace]
 85793 | Pan      | Lost mutation: Your translucent skin slightly reduces your
                  | foes' accuracy. (Stealth+) [Jiyva's grace]
 85793 | Pan      | Gained mutation: Your flesh is cold resistant. (rC+)
                  | [Jiyva's grace]
 85793 | Pan      | Gained mutation: Your flesh is very cold resistant. (rC++)
                  | [Jiyva's grace]
 85793 | Pan      | Gained mutation: Your flesh is almost immune to the effects
                  | of cold. (rC+++) [Jiyva's grace]
 85793 | Pan      | Gained mutation: Your muscles are strong. (Str +4, Int/Dex
                  | -1) [Jiyva's grace]
 86028 | Pan      | Found an exit through the horrors of the Abyss.
 86269 | Pan      | Noticed Lamuk the pandemonium lord
 86283 | Pan      | Killed Lamuk the pandemonium lord
 86284 | Pan      | Reached skill level 15 in Spellcasting
 86539 | Pan      | Noticed Ogaemim the pandemonium lord
 86546 | Pan      | Killed Ogaemim the pandemonium lord
 86637 | Pan      | Gained mutation: You are dopey. (Int -2) [a cacodemon]
 86970 | Pan      | Found an exit through the horrors of the Abyss.
 87003 | Pan      | Gained mutation: You possess an exceptional clarity of
                  | mind. [Jiyva's grace]
 87003 | Pan      | Gained mutation: You are robust. (+10% HP) [Jiyva's grace]
 87003 | Pan      | Gained mutation: You are very robust. (+20% HP) [Jiyva's
                  | grace]
 87003 | Pan      | Gained mutation: You are extremely robust. (+30% HP)
                  | [Jiyva's grace]
 87425 | Pan      | Found an opulent altar of Gozag.
 87426 | Pan      | Noticed a dread lich
 87436 | Pan      | Killed a dread lich
 87443 | Pan      | Found Nuorgh's Exquisite Manuscripts.
 87461 | Pan      | Found Nuorgh's Jewellery Boutique.
 87484 | Pan      | Reached skill level 27 in Unarmed Combat
 87490 | Pan      | Found an opulent altar of Gozag.
 87491 | Pan      | Noticed Veupn the pandemonium lord
 87498 | Pan      | Noticed a dread lich
 87500 | Pan      | Killed Veupn the pandemonium lord
 87501 | Pan      | Paralysed by something for 4 turns
 87518 | Pan      | Killed a dread lich
 87588 | Pan      | Bought a scroll of teleportation for 42 gold pieces
 87601 | Pan      | Found an opulent altar of Gozag.
 87610 | Pan      | Found Nuorgh's Infernal Boutique.
 87621 | Pan      | Found Nuorgh's Rarities Hole.
 87628 | Pan      | Bought the amulet "Tiysm" {Faith rC+ rN+ Dex+4} for 999
                  | gold pieces
 87936 | Pan      | Found an exit through the horrors of the Abyss.
 88039 | Pan      | Learned a level 8 spell: Necromutation
 88048 | Pan      | Learned a level 8 spell: Ignition
 88188 | Pan      | Noticed Timalai the pandemonium lord
 88203 | Pan      | Killed Timalai the pandemonium lord
 88204 | Pan      | Identified the +1 plate armour of Wasin {Fly Regen+ Stlth+}
 88482 | Pan      | Lost mutation: A frigid envelope surrounds you and freezes
                  | all who hurt you. [Jiyva's grace]
 88482 | Pan      | Lost mutation: You have great hidden genetic potential.
                  | [Jiyva's grace]
 88482 | Pan      | Gained mutation: You have a pair of small antennae on your
                  | head. [Jiyva's grace]
 88482 | Pan      | Gained mutation: You have a pair of antennae on your head.
                  | [Jiyva's grace]
 88482 | Pan      | Gained mutation: You have a pair of large antennae on your
                  | head. (SInv) [Jiyva's grace]
 88482 | Pan      | Gained mutation: You are strong-willed. (Will+) [Jiyva's
                  | grace]
 88842 | Pan      | Found an exit through the horrors of the Abyss.
 89162 | Pan      | Noticed Enwe the pandemonium lord
 89175 | Pan      | Killed Enwe the pandemonium lord
 89337 | Pan      | Found an exit through the horrors of the Abyss.
 89759 | Pan      | Gained mutation: You passively map a small area around you.
                  | [hidden potential]
 89759 | Pan      | Lost mutation: You have hidden genetic potential. [hidden
                  | potential expressed]
 89836 | Pan      | Noticed Wuddogge the pandemonium lord
 89852 | Pan      | Killed Wuddogge the pandemonium lord
 89885 | Pan      | Lost mutation: You are dopey. (Int -2) [Jiyva's grace]
 89885 | Pan      | Lost mutation: You heal very quickly. [Jiyva's grace]
 89885 | Pan      | Lost mutation: Your body has grown many eyes which may
                  | confuse attackers. (Acc +5) [Jiyva's grace]
 89885 | Pan      | Gained mutation: You have a small jelly attached to you
                  | that may absorb projectiles. [Jiyva's grace]
 89885 | Pan      | Gained mutation: Your mind is acute. (Int +4, Str/Dex -1)
                  | [Jiyva's grace]
 89885 | Pan      | Gained mutation: Your mind is very acute. (Int +8, Str/Dex
                  | -2) [Jiyva's grace]
 89885 | Pan      | Gained mutation: You are agile. (Dex +4, Str/Int -1)
                  | [Jiyva's grace]
 89887 | Pan      | Reached skill level 10 in Necromancy
 90882 | Pan      | Noticed Ischy the pandemonium lord
 90891 | Pan      | Killed Ischy the pandemonium lord
 91077 | Pan      | Reached skill level 1 in Fire Magic
 91145 | Pan      | Found an exit through the horrors of the Abyss.
 91638 | Pan      | Lost mutation: Your flesh is almost immune to the effects
                  | of cold. (rC+++) [Jiyva's grace]
 91638 | Pan      | Lost mutation: Your system is resistant to poisons. (rPois)
                  | [Jiyva's grace]
 91638 | Pan      | Lost mutation: Your gelatinous body deflects attacks. (AC
                  | +3, EV +3) [Jiyva's grace]
 91638 | Pan      | Lost mutation: Your pliable body absorbs attacks. (AC +2,
                  | EV +2) [Jiyva's grace]
 91638 | Pan      | Gained mutation: You have sharp toenails. [Jiyva's grace]
 91638 | Pan      | Gained mutation: You have razor-sharp toenails. [Jiyva's
                  | grace]
 91638 | Pan      | Gained mutation: You have claws for feet. [Jiyva's grace]
 91638 | Pan      | Gained mutation: You are highly strong-willed. (Will++)
                  | [Jiyva's grace]
 91702 | Pan      | Noticed Ohimousk the pandemonium lord
 91713 | Pan      | Killed Ohimousk the pandemonium lord
 91811 | Pan      | Found an exit through the horrors of the Abyss.
 92243 | Pan      | Noticed Dofoatynk the pandemonium lord
 92249 | Pan      | Killed Dofoatynk the pandemonium lord
 92370 | Pan      | Found an exit through the horrors of the Abyss.
 92675 | Pan      | Found an exit through the horrors of the Abyss.
 92698 | Pan      | Reached skill level 5 in Fire Magic
 92775 | Pan      | Noticed Irouviub the pandemonium lord
 92781 | Pan      | Killed Irouviub the pandemonium lord
 93567 | Pan      | Noticed Soinoc the pandemonium lord
 93574 | Pan      | Killed Soinoc the pandemonium lord
 93643 | Pan      | Lost mutation: You have claws for feet. [Jiyva's grace]
 93643 | Pan      | Lost mutation: You are agile. (Dex +4, Str/Int -1) [Jiyva's
                  | grace]
 93643 | Pan      | Lost mutation: You possess an exceptional clarity of mind.
                  | [Jiyva's grace]
 93643 | Pan      | Lost mutation: Your mind is very acute. (Int +8, Str/Dex
                  | -2) [Jiyva's grace]
 93643 | Pan      | Lost mutation: You are highly strong-willed. (Will++)
                  | [Jiyva's grace]
 93643 | Pan      | Lost mutation: You passively map a small area around you.
                  | [Jiyva's grace]
 93643 | Pan      | Lost mutation: Your body has grown eyes which may confuse
                  | attackers. (Acc +3) [Jiyva's grace]
 93643 | Pan      | Gained mutation: Your melee attacks may engulf your foes in
                  | ooze. [Jiyva's grace]
 93643 | Pan      | Gained mutation: You expend magic power (3 MP) to
                  | strengthen your wands. [Jiyva's grace]
 93643 | Pan      | Gained mutation: You are agile. (Dex +4, Str/Int -1)
                  | [Jiyva's grace]
 93643 | Pan      | Gained mutation: You are very agile. (Dex +8, Str/Int -2)
                  | [Jiyva's grace]
 94254 | Pan      | Found a huge runed translucent gate.
 94256 | Pan      | Found a huge runed translucent gate.
 94257 | Pan      | Found a huge runed translucent gate.
 94257 | Pan      | Found a huge runed translucent gate.
 94257 | Pan      | Found a huge runed translucent gate.
 94257 | Pan      | Found a huge runed translucent gate.
 94259 | Pan      | Found a huge runed translucent gate.
 94266 | Pan      | Noticed Mixuuh the pandemonium lord
 94279 | Pan      | Killed Mixuuh the pandemonium lord
 94392 | Pan      | Found an exit through the horrors of the Abyss.
 95358 | Pan      | Noticed Peireoh the pandemonium lord
 95369 | Pan      | Killed Peireoh the pandemonium lord
 95464 | Pan      | Found an exit through the horrors of the Abyss.
 95599 | Pan      | Lost mutation: You have a pair of large antennae on your
                  | head. (SInv) [Jiyva's grace]
 95599 | Pan      | Lost mutation: Your rubbery body absorbs attacks. (AC +1,
                  | EV +1) [Jiyva's grace]
 95599 | Pan      | Gained mutation: You are highly strong-willed. (Will++)
                  | [Jiyva's grace]
 95599 | Pan      | Gained mutation: You are extremely strong-willed. (Will+++)
                  | [Jiyva's grace]
 95599 | Pan      | Gained mutation: You possess an exceptional clarity of
                  | mind. [Jiyva's grace]
 95599 | Pan      | Gained mutation: Armour fits poorly on your pseudopods.
                  | [Jiyva's grace]
 95599 | Pan      | Found an exit through the horrors of the Abyss.
 95731 | Pan      | Found a transporter.
 95921 | Pan      | Found a transporter.
 96014 | Pan      | Found a runed translucent door.
 96014 | Pan      | Noticed Ziunoa the pandemonium lord
 96018 | Pan      | Killed Ziunoa the pandemonium lord
 96019 | Pan      | Found a runed translucent door.
 96021 | Pan      | Found a runed translucent door.
 96023 | Pan      | Found a runed translucent door.
 96662 | Pan      | Found a runed translucent door.
 96684 | Pan      | Reached skill level 10 in Fire Magic
 96766 | Pan      | Noticed Zijis the pandemonium lord
 96774 | Pan      | Killed Zijis the pandemonium lord
 97105 | Pan      | Lost mutation: You have a pair of antennae on your head.
                  | [Jiyva's grace]
 97105 | Pan      | Lost mutation: You are extremely strong-willed. (Will+++)
                  | [Jiyva's grace]
 97105 | Pan      | Lost mutation: You have a small jelly attached to you that
                  | may absorb projectiles. [Jiyva's grace]
 97105 | Pan      | Gained mutation: Your muscles are very strong. (Str +8,
                  | Int/Dex -2) [Jiyva's grace]
 97105 | Pan      | Gained mutation: You passively map a small area around you.
                  | [Jiyva's grace]
 97105 | Pan      | Gained mutation: You passively map the area around you.
                  | [Jiyva's grace]
 97105 | Pan      | Gained mutation: You passively map a large area around you.
                  | [Jiyva's grace]
 97223 | Pan      | Found an exit through the horrors of the Abyss.
 97511 | Pan      | Noticed Porchytuar the pandemonium lord
 97518 | Pan      | Killed Porchytuar the pandemonium lord
 97696 | Pan      | Found an exit through the horrors of the Abyss.
 98011 | Pan      | Found an exit through the horrors of the Abyss.
 98131 | Pan      | Lost mutation: Your mind is acute. (Int +4, Str/Dex -1) [a
                  | neqoxec]
 98185 | Pan      | Noticed Xav Biurch the pandemonium lord
 98222 | Pan      | Killed Xav Biurch the pandemonium lord
 98305 | Pan      | Identified the +12 hand axe of Imbalance {holy, Str+3}
 98507 | Pan      | Gained mutation: You occasionally lose the ability to drink
                  | potions when taking damage. [a cacodemon]
 98744 | Depths:2 | Escaped Pandemonium
 98834 | Hell     | Entered the Vestibule of Hell
 98834 | Hell     | Noticed Geryon
 98834 | Hell     | Lost mutation: You have razor-sharp toenails. [Jiyva's
                  | grace]
 98834 | Hell     | Lost mutation: You are highly strong-willed. (Will++)
                  | [Jiyva's grace]
 98834 | Hell     | Lost mutation: You are strong-willed. (Will+) [Jiyva's
                  | grace]
 98834 | Hell     | Lost mutation: You passively map a large area around you.
                  | [Jiyva's grace]
 98834 | Hell     | Lost mutation: You are extremely robust. (+30% HP) [Jiyva's
                  | grace]
 98834 | Hell     | Lost mutation: Your muscles are very strong. (Str +8,
                  | Int/Dex -2) [Jiyva's grace]
 98834 | Hell     | Gained mutation: You have a pair of antennae on your head.
                  | [Jiyva's grace]
 98834 | Hell     | Gained mutation: You have a pair of large antennae on your
                  | head. (SInv) [Jiyva's grace]
 98834 | Hell     | Gained mutation: You are partially covered in iridescent
                  | scales. (AC +2) [Jiyva's grace]
 98834 | Hell     | Gained mutation: You are mostly covered in iridescent
                  | scales. (AC +4) [Jiyva's grace]
 98889 | Hell     | Killed Geryon
 98991 | Hell     | Reached skill level 10 in Armour
 99070 | Hell     | Found a gateway to the ashen valley of Gehenna.
 99114 | Hell     | Found a gateway to the Iron City of Dis.
 99181 | Hell     | Found a gateway to the decaying netherworld of Tartarus.
 99224 | Hell     | Found a gateway to the freezing wastes of Cocytus.
 99224 | Hell     | Paralysed by a wendigo for 1 turns
 99373 | Tar:1    | Entered Level 1 of Tartarus
 99373 | Tar:1    | Noticed an ancient lich
 99378 | Tar:1    | Killed an ancient lich
100007 | Tar:7    | Entered Level 7 of Tartarus
100154 | Tar:7    | Lost mutation: You have a pair of large antennae on your
                  | head. (SInv) [Jiyva's grace]
100154 | Tar:7    | Lost mutation: You are mostly covered in iridescent scales.
                  | (AC +4) [Jiyva's grace]
100154 | Tar:7    | Lost mutation: You are very agile. (Dex +8, Str/Int -2)
                  | [Jiyva's grace]
100154 | Tar:7    | Lost mutation: You are agile. (Dex +4, Str/Int -1) [Jiyva's
                  | grace]
100154 | Tar:7    | Lost mutation: You passively map the area around you.
                  | [Jiyva's grace]
100154 | Tar:7    | Lost mutation: You expend magic power (3 MP) to strengthen
                  | your wands. [Jiyva's grace]
100154 | Tar:7    | Lost mutation: Your melee attacks may engulf your foes in
                  | ooze. [Jiyva's grace]
100154 | Tar:7    | Gained mutation: Your muscles are very strong. (Str +8,
                  | Int/Dex -2) [Jiyva's grace]
100154 | Tar:7    | Gained mutation: You are mostly covered in iridescent
                  | scales. (AC +4) [Jiyva's grace]
100154 | Tar:7    | Gained mutation: You are completely covered in iridescent
                  | scales. (AC +6) [Jiyva's grace]
100154 | Tar:7    | Gained mutation: Your flesh is almost immune to the effects
                  | of cold. (rC+++) [Jiyva's grace]
100462 | Tar:7    | Identified the ring of Ulimarchi {EV+4 Int+4}
100464 | Tar:7    | Identified the +1 chain mail "Niocuipyb" {rF+ Str+6 Dex-2}
100519 | Tar:7    | Noticed an ancient lich
100526 | Tar:7    | Noticed an ancient lich
100528 | Tar:7    | Killed an ancient lich
100537 | Tar:7    | Killed an ancient lich
100635 | Tar:7    | Reached skill level 15 in Fire Magic
100659 | Tar:7    | Noticed an ancient lich
100663 | Tar:7    | Killed an ancient lich
100670 | Tar:7    | Noticed an ancient lich
100671 | Tar:7    | Killed an ancient lich
100731 | Tar:7    | Identified the amulet "Lirag" {Spirit rPois}
100787 | Tar:7    | Noticed Ereshkigal
100942 | Tar:7    | Killed Ereshkigal
101000 | Tar:7    | Got a bone rune of Zot
101203 | Dis:1    | Entered Level 1 of the Iron City of Dis
101208 | Dis:1    | Found a huge runed gate.
101208 | Dis:1    | Found a huge runed gate.
101208 | Dis:1    | Found a huge runed gate.
101303 | Dis:1    | Found a huge runed gate.
101303 | Dis:1    | Found a huge runed gate.
101303 | Dis:1    | Found a huge runed gate.
101303 | Dis:1    | Found a huge runed gate.
101303 | Dis:1    | Found a huge runed gate.
101303 | Dis:1    | Found a huge runed gate.
101303 | Dis:1    | Found a huge runed gate.
101964 | Dis:7    | Entered Level 7 of the Iron City of Dis
102533 | Dis:7    | Noticed a juggernaut
102543 | Dis:7    | Killed a juggernaut
102863 | Dis:7    | Noticed a juggernaut
102868 | Dis:7    | Killed a juggernaut
102879 | Dis:7    | Got the Dissertation on the Lithosphere and the Map
102904 | Dis:7    | Lost mutation: You have a pair of antennae on your head.
                  | [Jiyva's grace]
102904 | Dis:7    | Lost mutation: You are completely covered in iridescent
                  | scales. (AC +6) [Jiyva's grace]
102904 | Dis:7    | Lost mutation: You possess an exceptional clarity of mind.
                  | [Jiyva's grace]
102904 | Dis:7    | Lost mutation: Your flesh is almost immune to the effects
                  | of cold. (rC+++) [Jiyva's grace]
102904 | Dis:7    | Lost mutation: Your flesh is very cold resistant. (rC++)
                  | [Jiyva's grace]
102904 | Dis:7    | Lost mutation: You are very robust. (+20% HP) [Jiyva's
                  | grace]
102904 | Dis:7    | Lost mutation: Your muscles are very strong. (Str +8,
                  | Int/Dex -2) [Jiyva's grace]
102904 | Dis:7    | Gained mutation: You are agile. (Dex +4, Str/Int -1)
                  | [Jiyva's grace]
102904 | Dis:7    | Gained mutation: You are very agile. (Dex +8, Str/Int -2)
                  | [Jiyva's grace]
102904 | Dis:7    | Gained mutation: You are resistant to electric shocks.
                  | (rElec) [Jiyva's grace]
102904 | Dis:7    | Gained mutation: You are completely covered in iridescent
                  | scales. (AC +6) [Jiyva's grace]
103221 | Dis:7    | Noticed a juggernaut
103228 | Dis:7    | Killed a juggernaut
103316 | Dis:7    | Found the +4 staff of Dispater
103316 | Dis:7    | Noticed Dispater
103333 | Dis:7    | Killed Dispater
103368 | Dis:7    | Got an iron rune of Zot
103579 | Coc:1    | Entered Level 1 of Cocytus
103585 | Coc:1    | Noticed an ancient lich
103592 | Coc:1    | Killed an ancient lich
103825 | Coc:4    | Noticed a dread lich
103829 | Coc:4    | Killed a dread lich
103908 | Coc:4    | Reached skill level 15 in Hexes
103916 | Coc:4    | Paralysed by a wendigo for 1 turns
104287 | Coc:7    | Entered Level 7 of Cocytus
104419 | Coc:7    | Paralysed by a wendigo for 1 turns
104937 | Coc:7    | Noticed the Serpent of Hell
104953 | Coc:7    | Killed the Serpent of Hell
105143 | Coc:7    | Noticed Antaeus
105165 | Coc:7    | Killed Antaeus
105182 | Coc:7    | Got an icy rune of Zot
105529 | Geh:1    | Entered Level 1 of Gehenna
106212 | Geh:5    | You fall into a shaft and drop 1 floor!
106218 | Geh:6    | Reached skill level 15 in Necromancy
106292 | Geh:7    | Entered Level 7 of Gehenna
106563 | Geh:7    | Lost mutation: You are completely covered in iridescent
                  | scales. (AC +6) [Jiyva's grace]
106563 | Geh:7    | Lost mutation: You are mostly covered in iridescent scales.
                  | (AC +4) [Jiyva's grace]
106563 | Geh:7    | Lost mutation: Your flesh is cold resistant. (rC+) [Jiyva's
                  | grace]
106563 | Geh:7    | Gained mutation: You are very robust. (+20% HP) [Jiyva's
                  | grace]
106563 | Geh:7    | Gained mutation: You are extremely robust. (+30% HP)
                  | [Jiyva's grace]
106563 | Geh:7    | Gained mutation: You have a pair of antennae on your head.
                  | [Jiyva's grace]
106563 | Geh:7    | Gained mutation: You have a pair of large antennae on your
                  | head. (SInv) [Jiyva's grace]
106767 | Geh:7    | Identified the +4 battleaxe "Adehif" {elec, Will++}
106829 | Geh:7    | Identified the +2 whip of the Fulmar {drain, +Blink Str+2
                  | Int+3}
106835 | Geh:7    | Got the Anthology of Kindling and the Welkin
106886 | Geh:7    | Found the +7 sceptre of Asmodeus
106886 | Geh:7    | Noticed Asmodeus
106898 | Geh:7    | Killed Asmodeus
106904 | Geh:7    | Got an obsidian rune of Zot
107913 | Tomb:1   | Entered Level 1 of the Tomb of the Ancients
108342 | Tomb:1   | Noticed a royal mummy
108350 | Tomb:1   | Killed a royal mummy
109132 | Pan      | Entered Pandemonium
109334 | Pan      | Identified the +1 war axe of Eternal War {speed, rElec}
109447 | Pan      | Found an exit through the horrors of the Abyss.
109496 | Pan      | Noticed Xocyme Iggef the pandemonium lord
109511 | Pan      | Killed Xocyme Iggef the pandemonium lord
109714 | Pan      | Lost mutation: You have a pair of large antennae on your
                  | head. (SInv) [Jiyva's grace]
109714 | Pan      | Lost mutation: You are partially covered in iridescent
                  | scales. (AC +2) [Jiyva's grace]
109714 | Pan      | Lost mutation: You are very agile. (Dex +8, Str/Int -2)
                  | [Jiyva's grace]
109714 | Pan      | Lost mutation: You occasionally lose the ability to drink
                  | potions when taking damage. [Jiyva's grace]
109714 | Pan      | Gained mutation: Your rubbery body absorbs attacks. (AC +1,
                  | EV +1) [Jiyva's grace]
109714 | Pan      | Gained mutation: Your pliable body absorbs attacks. (AC +2,
                  | EV +2) [Jiyva's grace]
109714 | Pan      | Gained mutation: Your gelatinous body deflects attacks. (AC
                  | +3, EV +3) [Jiyva's grace]
109714 | Pan      | Gained mutation: You are partially covered in large bone
                  | plates. (SH +4) [Jiyva's grace]
109873 | Depths:2 | Escaped Pandemonium
110670 | Tomb:2   | Noticed a royal mummy
110670 | Tomb:2   | Noticed a royal mummy
110671 | Tomb:2   | Noticed a royal mummy
110675 | Tomb:2   | Noticed a royal mummy
110677 | Tomb:2   | Killed a royal mummy
110678 | Tomb:2   | Killed a royal mummy
110680 | Tomb:2   | Killed a royal mummy
110680 | Tomb:2   | Killed a royal mummy
111280 | Tomb:3   | Entered Level 3 of the Tomb of the Ancients
111312 | Tomb:3   | Noticed a royal mummy
111322 | Tomb:3   | Killed a royal mummy
111323 | Tomb:3   | Noticed a royal mummy
111326 | Tomb:3   | Noticed a royal mummy
111336 | Tomb:3   | Killed a royal mummy
111337 | Tomb:3   | Noticed a royal mummy
111342 | Tomb:3   | Killed a royal mummy
111344 | Tomb:3   | Noticed a royal mummy
111350 | Tomb:3   | Killed a royal mummy
111350 | Tomb:3   | Noticed a royal mummy
111354 | Tomb:3   | Killed a royal mummy
111354 | Tomb:3   | Killed a royal mummy
111355 | Tomb:3   | Noticed a royal mummy
111359 | Tomb:3   | Found the +2 hat of the Bear Spirit {Spirit, *Rage Will++}
111380 | Tomb:3   | Noticed a royal mummy
111390 | Tomb:3   | Killed a royal mummy
111394 | Tomb:3   | Noticed a royal mummy
111405 | Tomb:3   | Killed a royal mummy
111524 | Tomb:3   | Identified the amulet "Ydeola" {Acrobat rElec rF+ SInv}
111601 | Tomb:3   | Killed a royal mummy
111620 | Tomb:3   | Got a golden rune of Zot
111672 | Tomb:3   | Identified the +4 scimitar of Amorality {drain, rC+}
111674 | Tomb:3   | Identified the +9 great sword "Imp's Funeral" {protect,
                  | rPois rF- rN++ Str+2}
112352 | Zot:5    | Entered Level 5 of the Realm of Zot
112742 | Zot:5    | Noticed a dread lich
112744 | Zot:5    | Killed a dread lich
112748 | Zot:5    | Noticed a dread lich
112778 | Zot:5    | Killed a dread lich
112838 | Zot:5    | Lost mutation: You have a pair of antennae on your head.
                  | [Jiyva's grace]
112838 | Zot:5    | Lost mutation: You are resistant to electric shocks.
                  | (rElec) [Jiyva's grace]
112838 | Zot:5    | Gained mutation: You have a pair of antennae on your head.
                  | [Jiyva's grace]
112838 | Zot:5    | Gained mutation: You have a pair of large antennae on your
                  | head. (SInv) [Jiyva's grace]
112838 | Zot:5    | Gained mutation: You are covered in slimy tendrils that may
                  | disarm your opponents. [Jiyva's grace]
112838 | Zot:5    | Gained mutation: You possess an exceptional clarity of
                  | mind. [Jiyva's grace]
112876 | Zot:5    | Got the Orb of Zot
113198 | D:14     | Noticed Nowoy the pandemonium lord
113261 | D:11     | Noticed Tinlip Beos the pandemonium lord
113272 | D:11     | Killed Tinlip Beos the pandemonium lord
113449 | D:6      | Noticed Ziefobra the pandemonium lord
113453 | D:6      | Killed Ziefobra the pandemonium lord
113495 | D:6      | Identified the +6 flail "Starlight" {freeze, rF+++}
113587 | D:4      | Noticed Dyri Ute the pandemonium lord
113603 | D:4      | Killed Dyri Ute the pandemonium lord
113741 | D:$      | Escaped with the Orb!

Illustrated notes

Levels and vault maps discovered:
D:1:      lemuel_arrival_lava_pool, layout_loops_corners
D:2:      layout_loops_ring, uniq_sigmund
D:3:      layout_basic, nicolae_ashenzari_panopticon,
          chequers_serial_rivers_micro_d, serial_bayou_ford_a
D:4:      layout_cave_pools, gammafunk_temple_overflow_pools, serial_forest,
          infiniplex_forest_end_3, infiniplex_forest_clump_tiny,
          infiniplex_forest_lined_1, infiniplex_forest_clump_diagonal,
          infiniplex_forest_diagonal, infiniplex_forest_lined_3,
          infiniplex_forest_straight_5, infiniplex_forest_clump_small,
          infiniplex_forest_zigzag_2, serial_shops, shop,
          gammafunk_ghost_abyssal_escape, corexii_leaking_fountain
D:5:      layout_layer_cave, nicolae_overflow_hidden_temple, zin_academy,
          minmay_temple_entry_overgrown
D:6:      layout_gridville, serial_shops, shop, moated_statue
D:7:      layout_loops_corners, nicolae_qazlal_style_of_elements,
          nicolae_ru_sacrificial_ziggurat, mainiacjoe_overflow_24_doors,
          serial_shops, nicolae_stop_n_shop_1, chequers_serial_rivers_small_b,
          grunt_ministairs_2, kennysheep_nub, uniq_prince_ribbit1
D:8:      layout_basic, serial_corexii_hall, chequers_hall_statues_y,
          chequers_hall_statues_corner_a, corexii_hall_statues_t,
          chequers_hall_statues_wall_a, minmay_tree_intersection
D:9:      layout_basic, minmay_lair_entry_grove, serial_shops,
          nicolae_shop_temple_entry_statues_fountains, enter_bailey_8
D:10:     layout_cave_pools, marbit_many_paths, mainiacjoe_overflow_two_lobes,
          david_orc_2, serial_shops, shop, gammafunk_ghost_cemetery,
          minivault_16, onia_ninara_cookie
D:11:     layout_roguey, serial_shops, nicolae_shop_crystal,
          kennysheep_mini_moat
D:12:     layout_roguey, serial_shops, shop_statue
D:13:     layout_basic, serial_ice, serial_ice_a, serial_ice_m, serial_ice_h,
          serial_ice_b, serial_ice_i, serial_ice_c, serial_ice_e, serial_ice_f,
          portal_ice_cave_entry_pillars_2
D:14:     minmay_the_grid_octo_2x2 [minmay_the_grid_octo_tetromino_candy,
          minmay_the_grid_octo_odd_swirl, minmay_the_grid_octo_fat_diamond,
          minmay_the_grid_octo_prize_single_spiral], layout_cross,
          david_vaults_5, chequers_avenue, minmay_misc_feat_five, hive_lemuel
D:15:     gammafunk_depths_entry_grave, layout_rooms, minivault_26
Temple:   grunt_temple_mini_profane
Lair:1:   layout_regular_city, beast_lair_carwin_4, serial_bayou_shore_a,
          lemuel_fruit_tree
Lair:2:   layout_misc_corridors, palyth_hydra_swamp_entry, dummy_snake_entry
Lair:3:   layout_layer_cave
Lair:4:   layout_hall_layers, grunt_megastairs_2
Lair:5:   gammafunk_lair_ancient_temple, layout_cave_shapes,
          dpeg_slime_entry_corner, basic_altar
Swamp:1:  layout_basic_swamp, nicolae_swamp_very_dense_foliage
Swamp:2:  layout_basic_swamp, nicolae_swamp_long_stream, uniq_roxanne
Swamp:3:  cheibrodos_swamp_heart_of_darkness, layout_basic_swamp,
          evilmike_swamp_ruin_rubble_2, infiniplex_staircase_pool,
          uniq_bai_suzhen
Swamp:4:  swamp, layout_basic_swamp, uniq_donald, uniq_mara
Snake:1:  layout_basic, serial_shops, nicolae_shop_statue_plus,
          nicolae_shop_statue_plus, nicolae_shop_behind_doors, shop, drop_trap,
          nicolae_shop_sticking_my_neck_out, uniq_aizul
Snake:2:  layout_layer_cave, nicolae_snake_squiggles, uniq_saint_roka
Snake:3:  layout_onion_interference, basic_altar, st_stairs_9,
          nicolae_snake_storage_room
Snake:4:  minmay_snake_end_coiled, layout_cave_town, uniq_vashnia
Slime:1:  layout_caves, cheibrodos_slime_lost_civilization_4
Slime:2:  layout_caves
Slime:3:  layout_caves
Slime:4:  cheibrodos_slime_lost_civilization_2, layout_caves
Slime:5
Orc:1:    layout_diamond_mine, uniq_erica, uniq_snorg, uniq_josephine
Orc:2:    st_orc_open, layout_caves, kennysheep_orc_sif_temple, uniq_rupert
Elf:1:    kennysheep_ambush_hall, layout_gridlike, minmay_elf_sorcery
Elf:2:    elven_hall_of_blades_hangedman_original
          [nicolae_blade_entry_sentries_behind_glass], layout_loops_corners,
          ebering_ghost_rock_garden, grunt_ministairs_15, nrook_mini_backslash
Elf:3:    grunt_elf_hall_asides, layout_rooms, lemuel_statue_altar,
          due_unseen_surprise
Vaults:1: ontoclasm_vaults_claustrophobia, vaults_room_grunt_arrival_ludios,
          nicolae_vaults_what_the_h, vaults_room_corners, vaults_dpeg_diagonal,
          nicolae_vaults_three_branches, grunt_vaults_hallway_short,
          vaults_dpeg_doors, layout_vaults_big_cross
Vaults:2: v_pattern_1, vaults_room_hallway, nicolae_vaults_ninety_degrees,
          v_alt_pattern_3, vaults_room_pool, ontoclasm_vaults_pinch, v_misc_33,
          v_misc_30, v_misc_15, hangedman_vaults_nails,
          layout_vaults_maze_bifur, serial_shops, shop
Vaults:3: nicolae_vaults_network_s, vaults_mumra_minichess, vaults_room_hallway,
          grunt_vaults_funnel, nicolae_vaults_asterisk,
          nicolae_vaults_angled_halls, vaults_room_corners,
          ontoclasm_vaults_spin, grunt_vaults_focal,
          minmay_crypt_entry_skeletal_spiral, vaults_dpeg_spiral,
          ontoclasm_vaults_ring_small, v_alt_pattern_2,
          grunt_vaults_hallway_short, layout_vaults_omnigrid
Vaults:4: ontoclasm_vaults_chip, grunt_vaults_swirl, ontoclasm_vaults_chip,
          hangedman_vaults_restitches, nicolae_vaults_shelves_hall,
          vaults_dpeg_encased_lava, nicolae_vaults_little_squares_2,
          layout_vaults_chaotic_city, serial_shops, shop, nicolae_shop_stone,
          nicolae_square_shop, uniq_jory, uniq_zenata
Vaults:5
Crypt:1:  layout_chaotic_city
Crypt:2:  layout_rooms, uniq_josephina
Crypt:3:  quadcrypt_mu
Tomb:1
Tomb:2
Tomb:3
Depths:1: layout_cave_pools, pf_hell_entry_great_geh, kennysheep_path_1,
          hex_large, grunt_ministairs_8, lemuel_old_faithful
Depths:2: kennysheep_big_flooded_room, layout_basic,
          nicolae_abyss_entry_one_way_or_another,
          hangedman_abyss_or_decor_lesser_grid, grunt_pan_entry_zigzag,
          hell_entry, serial_shops, nicolae_shop_waterfront
Depths:3: giant_chief_lemuel, layout_long_grid, enter_ziggurat_b, hell_entry,
          abyss_entry_flame_altar, gammafunk_ghost_grave,
          rand_demon_pan_entry_5, infiniplex_staircase_pool_2, minmay_shop_grove
Depths:4: grunt_x_marks_the_spot, layout_honeycomb, serial_shops,
          nicolae_shop_stone, grunt_hell_entry_dis_old, abyss_entry,
          fountainhead
Hell
Dis:1:    layout_jigsaw, door_vault
Dis:2:    layout_gridville
Dis:3:    layout_jigsaw
Dis:4:    layout_jigsaw
Dis:5:    layout_overlapping_boxes, nicolae_dis_strange_trophy_room
Dis:6:    layout_jigsaw
Dis:7:    dis_hangedman
Geh:1:    layout_gehenna_pools_basic
Geh:2:    layout_gehenna_lava_caves
Geh:3:    layout_gehenna_lava_caves
Geh:4:    layout_gehenna_pools_box
Geh:5:    layout_gehenna_pools_triple
Geh:6:    hangedman_generic_boss_arena
Geh:7:    geh_old
Coc:1:    layout_cocytus_water_paths
Coc:2:    layout_cocytus_water_paths
Coc:3:    layout_ice_bergs
Coc:4:    layout_ice_bergs
Coc:5:    nicolae_coc_icebeans_plural [nicolae_sub_coc_subbean,
          nicolae_sub_coc_subbean, nicolae_sub_coc_subbean,
          nicolae_sub_coc_subbean], layout_ice_bergs
Coc:6:    layout_cocytus_water_paths
Coc:7:    coc_mu
Tar:1:    layout_cathedral_of_symmetry
Tar:2:    layout_honeycomb
Tar:3:    layout_catacombs
Tar:4:    layout_cathedral_of_symmetry, lemuel_nasty_fountain
Tar:5:    layout_grid_maze, nicolae_tar_cuneiform_oil
Tar:6:    layout_catacombs
Tar:7:    tar_grunt_cathedral
Zot:1:    layout_gridlike, hangedman_zot_decor_scrapings, grunt_megastairs_3
Zot:2:    hellmonk_paralyzer, layout_twisted_circle
Zot:3:    layout_basic
Zot:4:    hangedman_zot_vaults_quadrants, layout_onion
Zot:5:    layout_onion, st_stairs_12, skrybe_zot_glass_3

Skill      XL: |  1  2  3  4  5  6  7  8  9 10 11 12 13 14 15 16 17 18 19 20 21 22 23 24 25 26 27 |
---------------+----------------------------------------------------------------------------------+-----
Dodging        | 2 3 4 6 7 8 9 10 11 12 13 14 22 | 22.3
Fighting       | 2 3 4 5 7 8 9 10 11 12 13 22 | 22.6
Unarmed Combat | 3 4 5 7 8 10 11 12 14 15 16 18 19 20 27 | 27.0
Necromancy     | 4 7 8 17 | 17.6
Earth Magic    | 5 8 10 12 13 14 15 | 15.0
Spellcasting   | 2 4 5 7 8 10 17 | 17.4
Armour         | 4 5 10 | 10.0
Transmutations | 3 7 10 11 12 13 14 16 21 | 21.6
Translocations | 4 6 8 10 11 13 | 13.2
Shields        | 9 12 13 14 18 20 21 22 | 22.2
Summonings     | 7 13 | 13.8
Hexes          | 15 | 15.2
Fire Magic     | 20 | 20.0
Throwing       | |  0.8

Action                   |  1- 3 |  4- 6 |  7- 9 | 10-12 | 13-15 | 16-18 | 19-21 | 22-24 | 25-27 || total
-------------------------+-------+-------+-------+-------+-------+-------+-------+-------+-------++-------
Melee: Unarmed           |    84 |   135 |   373 |   507 |       |   371 |  1225 |  1265 |  9754 || 13714
       Punch             |     2 |     4 |    11 |    32 |       |    19 |       |       |       ||    68
       Pair of quick bla |       |       |       |   283 |  1840 |   766 |       |       |       ||  2889
       Headbutt          |       |       |       |       |    66 |   278 |   384 |   330 |   444 ||  1502
       Bite              |       |       |       |       |       |       |    53 |   129 |    45 ||   227
       Kick              |       |       |       |       |       |       |       |   314 |  2274 ||  2588
       Pseudopods        |       |       |       |       |       |       |       |       |   851 ||   851
Throw: Boomerang         |       |     7 |       |       |       |       |       |       |       ||     7
       Dart              |       |     2 |     1 |     3 |       |       |       |       |       ||     6
       Throwing net      |       |       |     2 |     9 |       |       |       |       |     1 ||    12
 Cast: Borgnjor's Vile C |       |       |       |       |    32 |    97 |    25 |    21 |    17 ||   192
       Statue Form       |       |       |       |       |       |    77 |   100 |    87 |   791 ||  1055
       Blink             |       |       |       |       |       |     2 |     1 |     1 |    25 ||    29
       Manifold Assault  |       |       |       |       |       |     2 |    16 |    78 |  1365 ||  1461
       Enfeeble          |       |       |       |       |       |       |       |       |    43 ||    43
       Ignition          |       |       |       |       |       |       |       |       |    19 ||    19
       Malign Gateway    |       |       |       |       |       |       |       |       |    12 ||    12
       Necromutation     |       |       |       |       |       |       |       |       |     9 ||     9
       Silence           |       |       |       |       |       |       |       |       |     2 ||     2
Invok: Slimify           |       |       |       |       |     1 |     2 |       |       |    10 ||    13
       Oozemancy         |       |       |       |       |     1 |     3 |       |     5 |    14 ||    23
 Abil: End Transformatio |       |       |       |       |       |     1 |       |       |     6 ||     7
Evoke: Wand              |       |       |     7 |    13 |    12 |     1 |       |       |     2 ||    35
       Phantom mirror    |       |       |       |       |       |     2 |       |       |     1 ||     3
  Use: Scroll            |     6 |       |     5 |     8 |    14 |     8 |     5 |    11 |    48 ||   105
       Potion            |       |       |     2 |     3 |     6 |     1 |       |     3 |    28 ||    43
 Stab: Held in net/web   |       |       |       |     4 |       |       |       |       |       ||     4
       Petrified         |       |       |       |     1 |     4 |       |     5 |       |       ||    10
       Petrifying        |       |       |       |     1 |       |       |     1 |       |       ||     2
       Sleeping          |       |       |       |       |     9 |     5 |       |     1 |     4 ||    19
       Confused          |       |       |       |       |       |     2 |     1 |       |    37 ||    40
       Distracted        |       |       |       |       |       |     1 |       |     2 |    16 ||    19
       Invisible         |       |       |       |       |       |       |       |       |     9 ||     9
       Paralysed         |       |       |       |       |       |       |       |       |     3 ||     3
Armor: Robe              |    27 |    32 |    78 |   109 |       |       |       |       |       ||   246
       Acid dragon scale |       |       |       |   172 |   841 |   100 |    43 |     7 |   146 ||  1309
       Skin              |       |       |       |       |       |   858 |   535 |   649 |  2279 ||  4321
Dodge: Dodged            |    39 |    68 |   216 |   476 |  1294 |  1034 |   689 |   752 |  3157 ||  7725
Block: Other             |       |       |       |       |    75 |   416 |       |       |       ||   491
       Reflection        |       |       |       |       |     1 |    44 |   102 |    59 |    15 ||   221
       Kite shield       |       |       |       |       |       |   217 |  1060 |       |       ||  1277
       Tower shield      |       |       |       |       |       |       |   248 |  1945 |  9178 || 11371
